Cogmind - Beta 14 @@@ ROGUE MODE // 2024.12.31 @ 17:27:07 Player: Cog on my mind Result: Destroyed 0b10! Performance ------------- Evolutions (9) 4500 Regions Visited (30) 6000 Robots Destroyed (454) 2270 Value Destroyed (17861) 17861 Prototype IDs (114) 2280 Alien Tech Used (6) 1200 Bonus (28848) 28848 TOTAL SCORE: 62959 Bonus ------- High Alert Combat Kills 1349 Follower Combat Kills 1978 Network Hubs Disabled 200 Met Data Miner 300 Met Zhirov 300 Met Warlord at Base 500 MAIN.C Attacked Warlord 500 Warlord Defense Kills 4226 Built Enhanced Grunts 300 A7 Reached Mainframe 300 Met R17 at Cetus 500 Used Core Reset Matrix 3000 Hacked Protovariant 500 Met R17 at Research 2000 Met Warlord at Research 2000 Acquired SGEMP 2000 Met Sigix 2000 Escaped with Sigix 5000 Win 3000 Friendly Fire -1105 Cogmind --------- Core Integrity 1192/1600 Matter 300/300 Energy 98/100 System Corruption 3% Temperature Cool (0) Movement Core (50) Location Tau Ceti IV Orbit Parts ------- > --- POWER (2) -------- (None) > --- PROPULSION (9) --- (None) > --- UTILITY (12) ----- (None) > --- WEAPON (2) ------- (None) > --- INVENTORY (5) ---- Antigrav System Advanced Datajack Portable AFG (100) Sigix Containment Pod Peak State ------------ > --- POWER ------------ Vortex Chain Reactor > --- PROPULSION ------- Cooled Aerolev Unit Cooled Aerolev Unit Gyrokinetic Inverter Improved Antigrav System Improved Gyrokinetic Inverter Combat Antigrav System Cooled Linear Gravjet Combat Linear Gravjet Combat Linear Gravjet > --- UTILITY ---------- Large Storage Unit Spectral Analyzer Advanced Sensor Array Experimental Signal Interpreter Advanced Melee Analysis Suite Advanced Transmission Jammer Experimental ECM Suite Improved Reaction Control System Centrium Medium Armor Plating Improved Hacking Suite Advanced Hacking Suite Improved System Guard > --- WEAPON ----------- Centrium Greatsword > --- INVENTORY -------- Improved Quantum Reactor Gravity Neutralizer Dimensional Node Initializer High-powered Transdimensional Reconstructor Smartbomb Launcher Sigix Terminator Advanced Datajack Vortex Lance Portable AFG Sigix Containment Pod [Rating: 192] Favorites ----------- Power Cooled Deuterium Engine Engine Cooled Deuterium Engine Power Core Fission Core Reactor Vortex Chain Reactor Propulsion Cooled Aerolev Unit Treads Improved Medium Treads Leg Aluminum Leg Wheel Compact Wheel Hover Unit Cooled Aerolev Unit Utility Large Storage Unit Device Improved Sensor Array Storage Large Storage Unit Processor Improved Signal Interpreter Hackware Hacking Suite Protection Centrium Medium Armor Plating Artifact Phase Armor Weapon Chainsword Energy Gun Advanced Variable Charge Gun Energy Cannon Plasma Cannon Ballistic Gun Autogun Ballistic Cannon Light Cannon Launcher Guided Missile Launcher Impact Weapon Thunder Hammer Slashing Weapon Chainsword Piercing Weapon Lance Special Melee Weapon Improved Datajack Build | -11 -10 -10 -9 -9 -8 -8 -7 -7 -7 -7 -6 -6 -6 -6 -6 -6 -5 -5 -5 -5 -4 -4 -4 -4 -3 -3 -3 -2 -2 -1 ------- Run | Yrd Mat Min Mat Min Mat Sto Fac Low Low Dat Pro Fac Ext Cet Arc Hub Fac Upp Upp Zhi Pro Fac Upp War Pro Res Tes Res Qua Acc Slots Evolved 18 | . . . 2 . 2 . 2 . . . . 2 . . . . 2 . . . . 2 . . . 2 . 2 . 2 Power 1 | . . . . . . . . . . . . . . . . . . . . . . . . . . 1 . . . . Propulsion 7 | . . . 2 . . . 1 . . . . . . . . . 1 . . . . . . . . 1 . 1 . 1 Utility 10 | . . . . . 2 . 1 . . . . 2 . . . . 1 . . . . 2 . . . . . 1 . 1 Weapon . | . . . . . . . . . . . . . . . . . . . . . . . . . . . . . . . Parts Attached 639 | 7 11 3 26 7 12 22 62 5 26 . 16 51 28 21 5 37 82 4 11 5 13 39 8 13 . 19 40 20 32 14 Power 39 | 1 2 1 4 . 1 1 6 . . . . 1 2 . . 6 4 . . . . 4 . 2 . 1 . . . 3 Engine 21 | 1 2 1 4 . . 1 6 . . . . . . . . 4 1 . . . . . . . . . . . . 1 Core 8 | . . . . . 1 . . . . . . 1 2 . . 1 3 . . . . . . . . . . . . . Reactor 10 | . . . . . . . . . . . . . . . . 1 . . . . . 4 . 2 . 1 . . . 2 Propulsion 119 | 2 . . 16 3 2 5 9 . 4 . 1 15 1 6 . 6 15 . . . . 9 1 . . 4 2 4 10 4 Treads 8 | . . . 1 . . . . . 2 . . 1 . 3 . 1 . . . . . . . . . . . . . . Leg 16 | 2 . . 9 . . . . . 2 . . 2 . . . 1 . . . . . . . . . . . . . . Wheel 5 | . . . 1 . . . . . . . 1 2 . . . 1 . . . . . . . . . . . . . . Hover 90 | . . . 5 3 2 5 9 . . . . 10 1 3 . 3 15 . . . . 9 1 . . 4 2 4 10 4 Flight . | . . . . . . . . . . . . . . . . . . . . . . . . . . . . . . . Utility 330 | 2 1 2 2 1 3 11 37 2 15 . 8 30 16 4 3 20 54 3 5 4 7 18 5 8 . 11 30 6 17 5 Device 216 | 1 . 1 1 . 1 6 24 2 13 . 8 20 9 2 . 14 35 3 5 2 6 9 3 4 . 9 22 3 11 2 Storage 7 | 1 1 . . . . 1 . . . . . . . . . 1 1 . . . . . . 1 . . . . 1 . Processor 19 | . . 1 . . . 1 1 . . . . 1 1 . . . 8 . . . . 1 . 1 . . . 1 3 . Hackware 20 | . . . . . 1 . 3 . . . . 3 1 . 3 . 2 . . 1 . 1 . 1 . . . 1 . 3 Protection 67 | . . . 1 1 1 3 9 . 2 . . 6 5 2 . 5 8 . . 1 1 7 2 1 . 2 8 1 1 . Artifact 1 | . . . . . . . . . . . . . . . . . . . . . . . . . . . . . 1 . Weapon 151 | 2 8 . 4 3 6 5 10 3 7 . 7 5 9 11 2 5 9 1 6 1 6 8 2 3 . 3 8 10 5 2 Energy Gun 1 | . . . . . . . . . . . . . . 1 . . . . . . . . . . . . . . . . Energy Cannon 1 | . . . . . . . . 1 . . . . . . . . . . . . . . . . . . . . . . Ballistic Gun 19 | 2 3 . 4 2 . . . . . . . . . 5 1 2 . . . . . . . . . . . . . . Ballistic Cannon 3 | . 3 . . . . . . . . . . . . . . . . . . . . . . . . . . . . . Launcher 39 | . 2 . . 1 1 1 2 1 3 . 3 . 2 . . 2 1 1 1 . 2 1 1 2 . 1 3 5 2 1 Special Weapon . | . . . . . . . . . . . . . . . . . . . . . . . . . . . . . . . Impact Weapon 5 | . . . . . 2 1 . 1 . . . . . . . . 1 . . . . . . . . . . . . . Slashing Weapon 53 | . . . . . 3 3 4 . 4 . 4 3 5 4 1 1 2 . 2 . 2 3 1 . . 2 4 2 3 . Piercing Weapon 19 | . . . . . . . 2 . . . . . . . . . 5 . 2 1 2 3 . 1 . . 1 1 . 1 Special Melee Weapon 11 | . . . . . . . 2 . . . . 2 2 1 . . . . 1 . . 1 . . . . . 2 . . Unidentified Prototypes 31 | . . . . . . 1 1 . . . . . . 4 . . 1 . . 2 . 1 . 7 . 3 5 3 3 . Corrupted Parts 5 | . . . . . . . . . . . . . . . . 4 . . . . . 1 . . . . . . . . System Corruption 26 | . . . . . . . . . . . . . . . . 24 . . . . . 2 . . . . . . . . Parts Lost 82 | . . . 6 . . 3 8 . 4 . 1 3 4 2 2 15 8 . . . . . 2 1 1 . 3 3 1 15 Power 9 | . . . . . . . 1 . . . 1 . . . . 3 1 . . . . . . . . . . . . 3 Propulsion 37 | . . . 4 . . 1 5 . 3 . . 2 1 2 1 5 2 . . . . . 1 1 . . 1 2 . 6 Utility 26 | . . . . . . 1 1 . 1 . . . 2 . . 5 5 . . . . . 1 . 1 . 2 1 1 5 Weapon 10 | . . . 2 . . 1 1 . . . . 1 1 . 1 2 . . . . . . . . . . . . . 1 Highest Loss Streak 7 | . . . 2 . . 3 5 . 2 . 1 2 3 2 2 6 3 . . . . . 2 1 1 . 2 2 1 7 To Critical Strikes 2 | . . . . . . . . . . . . . 1 . . 1 . . . . . . . . . . . . . . Average Slot Usage (%) 92 | . 99 100 96 100 99 95 98 92 87 100 92 96 99 94 84 78 86 90 95 99 96 97 91 92 87 87 88 86 89 87 Engine 4 | . 14 14 11 11 8 6 6 7 7 7 3 . . . . 1 2 5 5 5 5 2 . . . . . . . . Core 1 | . . . . . . 2 . . . . . 4 6 6 6 2 2 . . . . . . . . . . . . . Reactor 1 | . . . . . . . . . . . . . . . . 1 . . . . . 2 5 5 5 4 4 4 4 4 Treads 2 | . . . . . . . . . 7 15 12 . . 5 13 10 . . . . . . . . . . . . . . Leg 4 | . 28 28 35 . . . . . 6 15 15 2 . . . 2 . . . . . . . . . . . . . . Hover 24 | . . . 5 44 36 35 37 38 17 7 7 27 33 22 5 5 24 35 35 35 35 30 30 30 26 31 32 33 34 35 Device 10 | . 14 11 2 8 5 11 11 7 6 7 6 10 5 3 6 6 13 6 9 10 10 16 10 13 13 13 14 13 15 14 Storage 6 | . 14 14 11 11 9 9 7 7 7 7 7 6 6 6 6 5 5 5 5 5 5 5 5 5 5 4 4 4 4 3 Processor 9 | . . 2 . . . 7 7 7 7 7 7 7 13 13 13 13 14 17 17 17 17 15 15 15 15 14 14 13 14 14 Hackware 9 | . . . . . 8 3 9 15 15 15 15 18 14 13 12 10 6 11 11 11 11 10 10 10 10 9 6 5 6 8 Protection 2 | . . . 8 2 12 4 1 . . . . 1 4 8 6 4 1 . . . . 3 6 5 5 3 4 7 4 2 Ballistic Gun 2 | . 7 28 21 21 2 . . . . . . . . 5 9 7 . . . . . . . . . . . . . . Launcher 1 | . . . . . . . . 7 3 . 3 . . . . . . 4 2 . 2 . . 3 5 . . 2 . . Slashing Weapon 4 | . . . . . 14 14 11 . 4 15 7 8 6 6 2 1 1 1 2 5 2 4 4 1 . 4 3 1 3 3 Piercing Weapon 1 | . . . . . . . 1 . . . . . . . . . 7 1 . 2 2 4 . . . . . . . . Peak Build Rating 192 | 7 10 10 18 24 35 43 55 55 55 50 52 68 69 98 102 104 93 93 94 97 101 119 120 135 122 153 161 176 187 192 Average Rating 75 | 5 7 10 13 19 32 33 50 54 48 50 48 58 65 80 97 81 68 89 89 91 94 109 116 125 121 146 155 164 173 175 On Entrance 75 | . 7 10 10 18 24 35 41 55 55 50 50 46 67 66 98 90 34 93 88 89 94 94 118 115 122 119 153 152 168 175 Naked Turns 15 | . . . . . . . . . . . . . . . . . . . . . . . . . . . . . . 15 Heaviest Build 94 | 12 20 20 28 30 33 41 45 44 46 39 42 45 49 50 50 57 51 43 46 40 45 60 55 66 55 75 82 94 94 73 Greatest Support 190 | 20 20 20 40 33 34 45 48 45 53 53 53 55 49 160 160 190 75 67 59 59 59 75 58 57 56 81 98 104 114 124 Greatest Overweight (x) 4 | 1 . . . . . . 1 . 2 . 1 4 1 1 . 1 2 . . . . 1 . 1 . . 1 1 . . Average Overweight (x) . | . . . . . . . . . . . . . . . . . . . . . . . . . . . . . . . Largest Inventory Capacity 15 | 8 10 10 10 10 10 15 15 15 15 15 15 15 15 15 15 15 15 15 15 15 15 15 15 15 15 15 15 15 15 15 Average Capacity 13 | 7 9 10 10 10 10 10 15 15 15 15 15 15 15 15 15 14 13 15 15 15 15 15 15 15 15 15 15 15 15 14 Most Carried 15 | 2 9 10 10 10 10 13 15 12 15 15 15 15 15 15 15 15 15 15 15 15 15 15 15 15 15 15 15 15 15 14 Average Carried 12 | . 5 9 8 9 9 10 14 11 13 15 14 14 13 14 14 13 12 14 14 14 14 14 14 14 15 14 14 14 14 12 Final Capacity 15 | 8 10 10 10 10 10 15 15 15 15 15 15 15 15 15 15 10 15 15 15 15 15 15 15 15 15 15 15 15 15 5 Final Carried 15 | 1 9 9 8 10 10 13 11 12 15 15 15 15 13 15 15 4 15 15 15 15 15 15 15 15 15 15 15 12 14 5 Class Distribution -------------------- 17% | Trapper-Mutant 12% | Mutant 10% | Trapper-Scout 9% | Scavenger-Scout 7% | Hacker-Scout 7% | Scavenger-Mutant 5% | Hacker-Mutant 4% | Trapper-Ninja 4% | Hacker-Ninja 3% | Scout Dominant Class ---------------- Mutant | -10/Materials Mutant | -10/Mines Scavenger-Mutant | -9/Materials Mutant | -9/Mines Mutant | -8/Materials Commander-Mutant | -8/Storage Scavenger-Mutant | -7/Factory Trapper-Mutant | -7/Lower Caves Trapper-Mutant | -7/Lower Caves Trapper-Mutant | -7/Data Miner Trapper-Mutant | -6/Proximity Caves Trapper-Scout | -6/Factory Commander-Scout | -6/Extension Commander-Mutant | -6/Cetus Commander-Assassin | -6/Archives Scavenger-Skirmisher | -6/Hub_04(d) Scavenger-Scout | -5/Factory Hacker-Scout | -5/Upper Caves Hacker-Scout | -5/Upper Caves Hacker-Scout | -5/Zhirov Trapper-Scout | -4/Proximity Caves Trapper-Ninja | -4/Factory Trapper-Scout | -4/Upper Caves Trapper-Scout | -4/Warlord Trapper-Scout | -3/Proximity Caves Trapper-Scout | -3/Research Hacker-Scout | -3/Testing Sprinter | -2/Research Hacker-Ninja | -2/Quarantine Hacker-Ninja | -1/Access Resources | -11 -10 -10 -9 -9 -8 -8 -7 -7 -7 -7 -6 -6 -6 -6 -6 -6 -5 -5 -5 -5 -4 -4 -4 -4 -3 -3 -3 -2 -2 -1 ----------- Run | Yrd Mat Min Mat Min Mat Sto Fac Low Low Dat Pro Fac Ext Cet Arc Hub Fac Upp Upp Zhi Pro Fac Upp War Pro Res Tes Res Qua Acc Matter Collected 11824 | 294 298 153 993 278 177 200 846 254 505 . 465 440 541 232 60 981 849 273 190 60 257 433 91 637 144 297 657 582 522 115 Remotely . | . . . . . . . . . . . . . . . . . . . . . . . . . . . . . . . Salvage Created 16986 | 113 556 35 1363 223 430 732 994 314 306 . 300 738 667 166 72 1669 1744 44 285 121 196 1218 386 1216 290 444 1078 398 248 640 Parts 924 | 5 48 . 79 28 18 40 81 11 26 . 11 45 24 6 6 88 92 5 24 . 13 46 22 35 7 27 63 15 14 45 Haulers Intercepted 21 | . 1 . . . 1 3 1 . . . . 1 1 . . 1 3 . . . . 6 . . . . 3 . . . Recyclers Shooed 5 | . . 1 . . 1 . . . . . . . 1 . . . 1 . . . . 1 . . . . . . . . Parts Field Recycled . | . . . . . . . . . . . . . . . . . . . . . . . . . . . . . . . Retrieved Matter . | . . . . . . . . . . . . . . . . . . . . . . . . . . . . . . . Parts Self-Destructed 104 | . . . . . . . . 9 21 . 12 . . . . . . 5 21 . 10 . 23 . 3 . . . . . Prevented 16 | . . . . . . . . 3 3 . . . . . . . . . . . . . 10 . . . . . . . Kills | -11 -10 -10 -9 -9 -8 -8 -7 -7 -7 -7 -6 -6 -6 -6 -6 -6 -5 -5 -5 -5 -4 -4 -4 -4 -3 -3 -3 -2 -2 -1 ------- Run | Yrd Mat Min Mat Min Mat Sto Fac Low Low Dat Pro Fac Ext Cet Arc Hub Fac Upp Upp Zhi Pro Fac Upp War Pro Res Tes Res Qua Acc Combat Hostiles Destroyed 316 | . 18 4 27 10 10 7 26 11 11 . 12 5 9 2 . 24 17 6 16 . 7 8 8 32 6 5 13 11 4 7 Melee 80 | . . . . . 6 7 14 . 2 . 3 5 3 . . 1 11 . . . 1 3 4 . . 2 12 1 . 5 Guns 60 | . 2 4 27 6 . . . . . . . . . 2 . 19 . . . . . . . . . . . . . . Cannons 7 | . 7 . . . . . . . . . . . . . . . . . . . . . . . . . . . . . AOE 166 | . 9 . . 4 3 . 12 11 9 . 9 . 6 . . 4 4 6 16 . 6 5 4 32 6 3 1 10 4 2 Classes Destroyed 25 | 2 5 1 4 . . . 1 . 2 . . 1 . . . 1 . . . . 1 . . 3 . . 2 2 . . Worker 21 | . . . 1 2 1 . 3 . . . . 2 . . . 4 1 . . . . . . . . 4 . 2 1 . Builder 6 | . 1 . . . . 3 . . . . . 1 . . . . 1 . . . . . . . . . . . . . Tunneler 6 | 1 1 . . 1 . . . . . . . 1 . . . . 2 . . . . . . . . . . . . . Hauler 21 | . 1 . . . 1 3 1 . . . . 1 1 . . 1 3 . . . . 6 . . . . 3 . . . Recycler 13 | 1 3 . 1 . . 1 . . . . . 1 1 . . 1 2 . . . . 1 . . . . . . . 1 Minesweeper 6 | . . . . . . . . . 2 . . . . . . . . . 1 . 1 . 2 . . . . . . . Mechanic 4 | . . . . . . . . . . . . . . . . . . . . . . . . 3 . . . . 1 . Operator 15 | . . . 1 . . . 5 . . . . 1 1 . . . 3 . . . . 1 . . . 1 1 1 . . Drone 2 | . . . . . . . . . . . . . . . . . . . . . 2 . . . . . . . . . Watcher 45 | . 2 . 3 . 1 2 5 . . . . 5 1 1 . 2 6 . . . . 4 . . . 3 3 . 1 6 Swarmer 104 | . 9 . 4 8 3 . 17 . 6 . 1 . 3 . . 4 4 5 14 . . 5 4 2 . 3 4 4 4 . Saboteur 1 | . . . . . . . . . . . . . . . . . . . . . . . . 1 . . . . . . Grunt 111 | . 9 . 13 1 5 4 6 11 4 . 8 . 4 . . 5 3 . 2 . 5 2 1 18 5 2 2 1 . . Brawler 12 | . . . 2 1 1 . . . . . 1 . 1 . . 3 . . . . . . . 3 . . . . . . Duelist 3 | . . . . . . . . . . . . . . . . 3 . . . . . . . . . . . . . . Researcher 2 | . . . . . . . . . . . . . . . . . . . . . . . . . . . 1 . 1 . Sentry 24 | . . . 8 . 1 3 . . . . 1 . . . . 5 3 1 . . . . 1 . . . . 1 . . Specialist 4 | . . . . . . . . . . . . . . . . . . . . . . . . 4 . . . . . . Hunter 13 | . . . . . . . . . . . . 2 . . . 2 2 . . . . . 2 2 2 . . 1 . . Programmer 29 | . . . . . . . 3 . . . 1 3 . . . 2 6 . . . . 1 . 2 . . 6 . . 5 Behemoth 6 | . . . . . . . . . 1 . . . 1 . . 1 . . . . . . . . . . . 1 . 2 Cetus Guard 2 | . . . . . . . . . . . . . . 2 . . . . . . . . . . . . . . . . Striker 1 | . . . . . . . . . . . . . . . . . . . . . . . . . . . . 1 . . Executioner 2 | . . . . . . . . . . . . . . . . . . . . . . . . . . . . 2 . . Alpha 7 1 | . . . . . . . . . . . . . . . . . . . . . . . . . . . 1 . . . Assembled 4 | . . 4 . . . . . . . . . . . . . . . . . . . . . . . . . . . . Best Kill Streak 21 | 2 12 4 8 5 7 4 7 4 3 . 3 3 3 3 . 6 5 5 9 . 4 5 4 21 3 3 2 6 4 2 Combat Bots Only 18 | . 7 4 4 4 6 2 5 4 3 . 3 2 3 2 . 4 4 5 9 . 4 5 4 18 3 3 2 4 4 2 Max Kills in Single Turn 5 | 1 4 1 2 5 1 2 4 2 2 . 1 1 1 1 . 3 4 3 5 . 2 3 4 3 1 3 1 4 2 2 Gunslinging 1 | . . . 1 . . . . . . . . . . . . 1 . . . . . . . . . . . . . . Exploded 5 | . 3 . . 4 1 . 4 2 2 . 1 . 1 . . 3 3 3 5 . 2 3 4 3 1 3 1 3 2 2 Melee 1 | . . . . . 1 1 1 . 1 . 1 1 1 . . 1 1 . . . 1 1 1 . . 1 1 1 . 1 Uniques/NPCs Destroyed . | . . . . . . . . . . . . . . . . . . . . . . . . . . . . . . . Combat | -11 -10 -10 -9 -9 -8 -8 -7 -7 -7 -7 -6 -6 -6 -6 -6 -6 -5 -5 -5 -5 -4 -4 -4 -4 -3 -3 -3 -2 -2 -1 -------- Run | Yrd Mat Min Mat Min Mat Sto Fac Low Low Dat Pro Fac Ext Cet Arc Hub Fac Upp Upp Zhi Pro Fac Upp War Pro Res Tes Res Qua Acc Hostile Shots Fired 1247 | . 46 8 129 24 27 28 182 3 65 . 22 68 34 11 . 184 102 2 . . 8 18 28 9 14 8 72 45 25 85 Missed 456 | . 17 5 26 9 11 9 82 2 20 . 8 24 10 2 . 61 41 1 . . 4 5 7 5 4 1 28 15 10 49 Damage Taken 17079 | . 311 43 1372 111 182 659 1688 28 430 . 232 667 497 275 992 3287 1386 35 . . 72 242 367 136 159 189 1045 831 354 1489 Core 2335 | . . 15 147 29 48 125 271 . 34 . . 137 104 38 112 343 254 . . . . 22 51 . 34 17 109 102 60 283 Absorbed by Shields 145 | . . . . . . . . . . . . . 91 54 . . . . . . . . . . . . . . . . Redirected to Shielding 221 | . . . . . . . 79 . 28 . . . . . . 114 . . . . . . . . . . . . . . Regen/Repaired (Parts) 1900 | . . . 46 . . 14 98 . . . . 56 73 . . 237 . . . . . 934 . 37 . . 405 . . . Core Remaining (%) 70 | 100 . 94 . 56 . 68 . . . . 56 . . . . 13 . . . . 74 . . . 90 . 90 . 63 74 Volleys Fired 460 | 7 29 6 93 23 3 . 13 13 17 . 27 . 6 13 . 78 2 14 5 . 8 2 1 32 15 1 10 35 6 1 Largest 2 | 2 2 2 2 2 1 . 1 1 1 . 1 . 1 1 . 2 1 1 1 . 1 1 1 1 1 1 1 1 1 1 Hottest 70 | 40 70 46 46 46 30 . 39 39 39 . 39 . 39 35 . 70 46 46 46 . 46 46 46 46 46 46 46 46 46 . Shots Fired 670 | 14 54 13 187 46 3 . 13 13 17 . 27 . 6 13 . 133 2 14 5 . 8 2 1 32 15 1 9 35 6 1 Gun 412 | 14 9 13 187 45 . . . . . . . . . 13 . 131 . . . . . . . . . . . . . . Cannon 38 | . 38 . . . . . . . . . . . . . . . . . . . . . . . . . . . . . Launcher 220 | . 7 . . 1 3 . 13 13 17 . 27 . 6 . . 2 2 14 5 . 8 2 1 32 15 1 9 35 6 1 Special . | . . . . . . . . . . . . . . . . . . . . . . . . . . . . . . . Kinetic 450 | 14 47 13 187 45 . . . . . . . . . 13 . 131 . . . . . . . . . . . . . . Thermal 1 | . . . . . . . . . . . . . . . . . . . . . . . . . . . . . . 1 Explosive 212 | . 7 . . 1 3 . 13 13 17 . 27 . 6 . . 2 2 14 5 . 8 2 1 32 15 1 9 28 6 . Electromagnetic . | . . . . . . . . . . . . . . . . . . . . . . . . . . . . . . . Entropic 7 | . . . . . . . . . . . . . . . . . . . . . . . . . . . . 7 . . Robot Hit Streak 18 | 4 17 18 12 6 1 . . . . . . . . 3 . 10 . . . . . . . 7 . . 8 15 . . Robot Miss Streak 8 | 1 2 1 3 3 1 . . . . . . . . 2 . 8 . . . . . . . . . . . . . . Penetration Max 1 | . . . . . . . . . . . . . . 1 . 1 . . . . . . . . . . . . . . Secondary Targets 11 | . . 1 8 . . . . . . . . . . . . 2 . . . . . . . . . . . . . . Max Gunslinging Chain 1 | . . 1 1 . . . . . . . . . . . . 1 . . . . . . . . . . . . . . Shots Hit Robots 743 | 9 35 10 135 27 19 32 50 . 6 . 4 40 38 14 4 89 80 . 4 1 5 32 8 7 . 14 42 11 5 22 Core Hits 677 | 4 30 7 51 15 17 13 42 25 16 . 38 12 27 7 1 66 31 9 18 1 15 20 7 97 19 11 24 36 8 10 Critical Kills 14 | . . . . . 2 . . . . . . . . 2 . 10 . . . . . . . . . . . . . . Critical Parts Destroyed 25 | . . . 1 . 1 . . . . . . . . 1 . 18 4 . . . . . . . . . . . . . Critical Strikes 75 | . . . 1 . 3 3 2 . . . . 3 4 3 . 31 13 . . . . 2 . . . 3 5 . . 2 Destroy 35 | . . . 1 . . . . . . . . . . 3 . 31 . . . . . . . . . . . . . . Smash 7 | . . . . . 3 . . . . . . . . . . . 4 . . . . . . . . . . . . . Sever 21 | . . . . . . 3 2 . . . . 3 4 . . . . . . . . . . . . 3 5 . . 1 Impale 11 | . . . . . . . . . . . . . . . . . 9 . . . . 2 . . . . . . . . Sunder 1 | . . . . . . . . . . . . . . . . . . . . . . . . . . . . . . 1 Melee Attacks 756 | . . . . . 28 63 127 . 13 . 4 72 51 7 4 9 139 . 5 1 7 56 11 . . 21 60 19 16 43 Impact 27 | . . . . . 4 3 . . . . . . . . . . 20 . . . . . . . . . . . . . Slashing 515 | . . . . . 24 60 111 . 13 . 4 72 34 6 4 9 13 . 1 . 2 11 11 . . 21 56 14 16 33 Piercing 172 | . . . . . . . 14 . . . . . . . . . 106 . 1 1 5 45 . . . . . . . . Entropic 19 | . . . . . . . . . . . . . . . . . . . . . . . . . . . 4 5 . 10 Sneak Attacks 118 | . . . . . 4 9 10 . 3 . . 10 22 1 . . 19 . 4 . 1 12 2 . . 8 6 1 3 3 Combat Hostiles 16 | . . . . . . 1 . . . . . 1 1 . . . 3 . 3 . . 3 . . . 1 2 1 . . Follow-up Attacks 32 | . . . . . 2 1 7 . 2 . . . 3 1 . . 12 . . . . 4 . . . . . . . . Damage Inflicted 58090 | 97 1219 140 2213 636 1240 1519 3561 1136 1429 . 1729 2137 1758 444 348 3264 4389 1011 1323 94 1269 2685 1179 6752 1187 1967 4160 4079 1102 4023 Guns 5869 | 97 100 140 2118 401 . . . . . . . . . 257 . 2756 . . . . . . . . . . . . . . Cannons 419 | . 419 . . . . . . . . . . . . . . . . . . . . . . . . . . . . . Explosions 26936 | . 700 . 95 235 324 . 1313 1136 1100 . 1561 . 666 . . 460 398 1011 1249 . 1002 518 354 6752 1187 255 540 3684 446 1950 Melee 24866 | . . . . . 916 1519 2248 . 329 . 168 2137 1092 187 348 48 3991 . 74 94 267 2167 825 . . 1712 3620 395 656 2073 Ramming . | . . . . . . . . . . . . . . . . . . . . . . . . . . . . . . . Kinetic 6288 | 97 519 140 2118 401 . . . . . . . . . 257 . 2756 . . . . . . . . . . . . . . Thermal 2397 | . . . 95 . . . 352 . . . . . . . . . . . . . . . . . . . . . . 1950 Explosive 23565 | . 700 . . 235 324 . 961 1136 1100 . 1561 . 666 . . 460 398 1011 1249 . 1002 518 354 6752 1187 255 540 2710 446 . Electromagnetic . | . . . . . . . . . . . . . . . . . . . . . . . . . . . . . . . Impact 913 | . . . . . 215 99 . . . . . . . . . . 599 . . . . . . . . . . . . . Slashing 17239 | . . . . . 701 1420 2077 . 329 . 168 2137 1092 187 348 48 206 . . . . 453 825 . . 1712 3365 74 656 1441 Piercing 5506 | . . . . . . . 171 . . . . . . . . . 3186 . 74 94 267 1714 . . . . . . . . Entropic 2182 | . . . . . . . . . . . . . . . . . . . . . . . . . . . 255 1295 . 632 Highest Corruption 30 | . 1 1 6 6 . 9 . . . . . 6 2 . . 30 8 3 . . . 3 3 . . 2 10 . . 3 Average Corruption 4 | . 1 1 5 6 . 9 . . . . . 2 1 . . 13 3 1 . . . 1 2 . . 1 6 . . 2 Corruption Purged 27 | . . . . . . . . . . . . 5 2 . . 5 9 3 . . . . 3 . . . . . . . Corruption Blocked . | . . . . . . . . . . . . . . . . . . . . . . . . . . . . . . . Effects 182 | . 1 1 35 17 . 12 . . . . . 19 1 . . 42 10 1 . . . 8 . . . . 35 . . . Message Errors 44 | . 1 . 9 4 . 3 . . . . . 4 . . . 10 3 . . . . 4 . . . . 6 . . . Matter Fused 47 | . . . 8 3 . 2 . . . . . 4 1 . . 8 3 1 . . . . . . . . 17 . . . Heat Flow Errors 26 | . . . 6 4 . 1 . . . . . 4 . . . 5 1 . . . . 3 . . . . 2 . . . Energy Discharges 19 | . . . 2 . . 2 . . . . . 3 . . . 5 1 . . . . 1 . . . . 5 . . . Parts Rejected 3 | . . . 1 . . . . . . . . . . . . 1 1 . . . . . . . . . . . . . Parts Fused 3 | . . . 2 . . . . . . . . . . . . 1 . . . . . . . . . . . . . . Data Loss (minor) 17 | . . . 3 3 . 2 . . . . . 3 . . . 2 1 . . . . . . . . . 3 . . . Data Loss (major) 5 | . . . . 1 . 1 . . . . . 1 . . . 2 . . . . . . . . . . . . . . Misfires 4 | . . 1 2 1 . . . . . . . . . . . . . . . . . . . . . . . . . . Alerts 7 | . . . 1 1 . 1 . . . . . . . . . 3 . . . . . . . . . . 1 . . . Misdirections 1 | . . . . . . . . . . . . . . . . 1 . . . . . . . . . . . . . . Weapon Failures 6 | . . . 1 . . . . . . . . . . . . 4 . . . . . . . . . . 1 . . . Overload Shots . | . . . . . . . . . . . . . . . . . . . . . . . . . . . . . . . Overflow Damage 5347 | . 31 . 55 4 111 165 480 . 90 . 31 278 269 . 118 31 876 48 81 . 82 362 155 137 . 323 568 102 271 679 Projectiles 9 | . . . . . . 9 . . . . . . . . . . . . . . . . . . . . . . . . Explosions 986 | . 31 . 55 4 . . 158 . . . 9 . . . . 31 . 48 81 . 76 . 21 137 . . . 21 28 286 Melee 4352 | . . . . . 111 156 322 . 90 . 22 278 269 . 118 . 876 . . . 6 362 134 . . 323 568 81 243 393 Knockbacks 11 | . 6 . . . 1 2 . . . . . . . . . . 2 . . . . . . . . . . . . . Impact 4 | . . . . . 1 1 . . . . . . . . . . 2 . . . . . . . . . . . . . Kinetic 6 | . 6 . . . . . . . . . . . . . . . . . . . . . . . . . . . . . Secondary 1 | . . . . . . 1 . . . . . . . . . . . . . . . . . . . . . . . . Self-Inflicted Damage 1561 | . 24 . . . . . 273 . . . . . . . . 528 . 13 . . . . . . . . . 1 . 722 Shots 25 | . 1 . . . . . 3 . . . . . . . . 18 . 1 . . . . . . . . . 1 . 1 Rammed . | . . . . . . . . . . . . . . . . . . . . . . . . . . . . . . . Targets Rammed . | . . . . . . . . . . . . . . . . . . . . . . . . . . . . . . . Kicked . | . . . . . . . . . . . . . . . . . . . . . . . . . . . . . . . Crushed . | . . . . . . . . . . . . . . . . . . . . . . . . . . . . . . . Highest Temperature 301 | . 96 12 301 244 17 270 16 . . . . 270 12 1 . 235 203 . . . . 206 . . . . 251 30 . 182 Average Temperature 56 | . 32 6 74 66 8 129 5 . . . . 124 6 1 . 38 105 . . . . 96 . . . . 114 12 . 36 Received Heat Transfer 1954 | . 120 . 492 . 99 153 252 . 9 . 21 12 121 18 . 204 126 . . . 30 42 21 . 27 36 36 117 18 . Effects 3 | . . . 3 . . . . . . . . . . . . . . . . . . . . . . . . . . . Interference 3 | . . . 3 . . . . . . . . . . . . . . . . . . . . . . . . . . . Siege Activations . | . . . . . . . . . . . . . . . . . . . . . . . . . . . . . . . Robots Corrupted 6 | . . . . . 1 2 . . . . . . . . . . 3 . . . . . . . . . . . . . Combat Hostiles 3 | . . . . . 1 . . . . . . . . . . . 2 . . . . . . . . . . . . . Parts Fried 9 | . . . . . 2 2 . . . . . 1 1 . . . 2 . . . . 1 . . . . . . . . Impact Corruptions 15 | . . . . . 1 4 . . . . . . . . . . 10 . . . . . . . . . . . . . Robots Melted . | . . . . . . . . . . . . . . . . . . . . . . . . . . . . . . . Combat Hostiles . | . . . . . . . . . . . . . . . . . . . . . . . . . . . . . . . Parts Melted 3 | . . . . . . . . . . . . . . . . . . . . . . . . . . 1 2 . . . Heat Transferred 250 | . . . 50 . . . 200 . . . . . . . . . . . . . . . . . . . . . . . Parts Sabotaged 4 | . . . . . . . . . . . . . . . . . . . . . . 4 . . . . . . . . Parts Stolen . | . . . . . . . . . . . . . . . . . . . . . . . . . . . . . . . Parts Stripped . | . . . . . . . . . . . . . . . . . . . . . . . . . . . . . . . Power Chain Reactions . | . . . . . . . . . . . . . . . . . . . . . . . . . . . . . . . Alert | -11 -10 -10 -9 -9 -8 -8 -7 -7 -7 -7 -6 -6 -6 -6 -6 -6 -5 -5 -5 -5 -4 -4 -4 -4 -3 -3 -3 -2 -2 -1 ------- Run | Yrd Mat Min Mat Min Mat Sto Fac Low Low Dat Pro Fac Ext Cet Arc Hub Fac Upp Upp Zhi Pro Fac Upp War Pro Res Tes Res Qua Acc Peak Influence 1273 | 10 446 173 499 398 432 696 993 . . . . 362 500 501 396 817 704 . . . . 431 . . . 795 462 1203 1084 1273 Initial 676 | . 6 173 . 83 118 105 316 . . . . 12 68 172 200 117 193 . . . . 81 . . . 102 282 237 676 499 Average 345 | 6 275 108 280 274 244 339 458 . . . . 182 278 411 253 483 315 . . . . 195 . . . 463 254 669 850 421 Maximum Alert Level 4 | . 2 . 2 1 2 2 3 . . . . 1 2 2 1 3 3 . . . . 2 . . . 3 2 4 3 4 Low Security (%) 29 | 100 16 100 23 29 35 38 . . . . . 62 35 3 . 12 39 . . . . 56 . . . 14 30 . . . Level 1 34 | . 70 . 54 70 61 5 47 . . . . 37 38 36 99 15 18 . . . . 41 . . . 13 54 8 . 45 Level 2 28 | . 12 . 21 . 3 56 42 . . . . . 26 59 . 49 41 . . . . 1 . . . 67 15 52 2 52 Level 3 7 | . . . . . . . 10 . . . . . . . . 21 1 . . . . . . . . 4 . 38 97 . Level 4 . | . . . . . . . . . . . . . . . . . . . . . . . . . . . . . . 2 Level 5 . | . . . . . . . . . . . . . . . . . . . . . . . . . . . . . . . High Security . | . . . . . . . . . . . . . . . . . . . . . . . . . . . . . . . Max Security . | . . . . . . . . . . . . . . . . . . . . . . . . . . . . . . . Squads Dispatched 87 | . 3 . 3 . 2 1 21 . . . . 5 2 1 . 9 10 . . . . 4 . . . 7 5 3 9 2 Investigation 31 | . 3 . 1 . 1 1 11 . . . . 3 . 1 . 1 2 . . . . 1 . . . 4 . 1 1 . Extermination 16 | . . . . . . . 2 . . . . 1 . . . 3 3 . . . . 2 . . . . 2 . 1 2 Reinforcement 28 | . . . 2 . 1 . 5 . . . . 1 2 . . 1 3 . . . . . . . . 3 2 2 6 . Assault 7 | . . . . . . . . . . . . . . . . 2 2 . . . . 1 . . . . 1 . 1 . Garrison 5 | . . . . . . . 3 . . . . . . . . 2 . . . . . . . . . . . . . . Intercept . | . . . . . . . . . . . . . . . . . . . . . . . . . . . . . . . Searches Triggered 2 | . . . . . . . 1 . . . . . . . . . . . . . . . . . . . 1 . . . Data Miner Redirects 3 | . . . . . . . . . . . . 2 . . . 1 . . . . . . . . . . . . . . Construction Impeded 2 | . . . . . . . . . . . . . . . . 1 . . . . . . . . . . . 1 . . Haulers Reinforced 4 | . . . . . . . . . . . . . . . . . 2 . . . . . . . . 2 . . . . Active Scanning Responses . | . . . . . . . . . . . . . . . . . . . . . . . . . . . . . . . Cargo Convoy Interrupts . | . . . . . . . . . . . . . . . . . . . . . . . . . . . . . . . Stealth | -11 -10 -10 -9 -9 -8 -8 -7 -7 -7 -7 -6 -6 -6 -6 -6 -6 -5 -5 -5 -5 -4 -4 -4 -4 -3 -3 -3 -2 -2 -1 --------- Run | Yrd Mat Min Mat Min Mat Sto Fac Low Low Dat Pro Fac Ext Cet Arc Hub Fac Upp Upp Zhi Pro Fac Upp War Pro Res Tes Res Qua Acc Distress Signals 36 | . 1 1 3 . 1 3 3 . . . . 1 2 . . 3 1 . . . . . . . . 4 2 9 1 1 Communications Jammed 10 | . . . . . . . . . . . . . . . . . . . . . . 4 . . . . . . 6 . Distress Signals 9 | . . . . . . . . . . . . . . . . . . . . . . 4 . . . . . . 5 . Times Spotted 603 | . 21 5 39 12 20 21 63 4 12 . 13 13 20 10 23 48 54 3 2 . 1 26 7 43 3 23 38 36 22 21 Peak Tracking Total 17 | . 6 4 7 4 4 3 10 4 4 . 3 3 5 5 17 8 9 2 2 . 3 5 4 12 3 6 5 11 6 5 Tactical Retreats 84 | . . . 2 1 2 . 18 2 4 . 3 2 . . . 2 13 1 . . . 4 1 3 . 6 10 3 4 3 Traps | -11 -10 -10 -9 -9 -8 -8 -7 -7 -7 -7 -6 -6 -6 -6 -6 -6 -5 -5 -5 -5 -4 -4 -4 -4 -3 -3 -3 -2 -2 -1 ------- Run | Yrd Mat Min Mat Min Mat Sto Fac Low Low Dat Pro Fac Ext Cet Arc Hub Fac Upp Upp Zhi Pro Fac Upp War Pro Res Tes Res Qua Acc Traps Triggered 19 | . . . 3 . . . 3 . . . . 1 3 . . 1 1 . . . . . . . . . 3 2 1 1 Indirectly . | . . . . . . . . . . . . . . . . . . . . . . . . . . . . . . . Trap Hack Attempts 141 | . . . . . . . 57 . . . . 71 . . . . . . . . . 12 . . . . . 1 . . Triggered . | . . . . . . . . . . . . . . . . . . . . . . . . . . . . . . . Disarmed 9 | . . . . . . . 1 . . . . 3 . . . . . . . . . 5 . . . . . . . . Reprogrammed 25 | . . . . . . . 9 . . . . 11 . . . . . . . . . 4 . . . . . 1 . . Reused 37 | . . . . . . . . 2 5 . 2 8 1 . . . 1 . 1 . . 2 2 . . 5 8 . . . Traps Extracted 16 | . . . . . . . 9 1 1 . 1 . . . . . . . . . 2 . . . . . . 2 . . Installed 45 | . . . . . . . . 3 5 . 3 4 1 . . 4 1 . 1 . . 3 3 . . 5 10 2 . . Triggered 49 | . . . . . . . . 2 5 . 2 9 1 . . . 1 . 1 . . 2 5 6 . 5 10 . . . Most Traps Carried 18 | . . . . . . . 9 9 15 15 15 13 9 8 8 8 2 1 7 6 16 16 18 18 16 16 11 1 1 . Machines | -11 -10 -10 -9 -9 -8 -8 -7 -7 -7 -7 -6 -6 -6 -6 -6 -6 -5 -5 -5 -5 -4 -4 -4 -4 -3 -3 -3 -2 -2 -1 ---------- Run | Yrd Mat Min Mat Min Mat Sto Fac Low Low Dat Pro Fac Ext Cet Arc Hub Fac Upp Upp Zhi Pro Fac Upp War Pro Res Tes Res Qua Acc Machines Disabled 47 | . 1 . 1 . . 3 7 . . . 1 . 3 . 1 6 1 . . . 1 . . 1 . . 3 4 8 6 Max in Single Turn 6 | . 1 . 1 . . 1 5 . . . 1 . 1 . . 1 1 . . . 1 . . 1 . . 1 3 2 6 Garrison Access 17 | . . . . . . . 2 . . . . 3 . . . 1 3 . . . . 1 . . . 2 1 2 . 2 Network Hub 1 | . . . . . . . . . . . . . . . . 1 . . . . . . . . . . . . . . Machines Repaired . | . . . . . . . . . . . . . . . . . . . . . . . . . . . . . . . Machines Dismantled . | . . . . . . . . . . . . . . . . . . . . . . . . . . . . . . . Machines Sabotaged . | . . . . . . . . . . . . . . . . . . . . . . . . . . . . . . . Overloaded Fab Kills . | . . . . . . . . . . . . . . . . . . . . . . . . . . . . . . . Hacking | -11 -10 -10 -9 -9 -8 -8 -7 -7 -7 -7 -6 -6 -6 -6 -6 -6 -5 -5 -5 -5 -4 -4 -4 -4 -3 -3 -3 -2 -2 -1 --------- Run | Yrd Mat Min Mat Min Mat Sto Fac Low Low Dat Pro Fac Ext Cet Arc Hub Fac Upp Upp Zhi Pro Fac Upp War Pro Res Tes Res Qua Acc Machines Accessed 210 | . 5 . 9 1 5 11 32 1 1 4 . 21 6 3 . 7 25 . 1 6 1 18 1 8 . 12 14 1 8 9 Terminals 123 | . 4 . 7 . 4 10 17 . 1 . . 9 6 3 . 6 15 . . . 1 9 . . . 8 9 . 7 7 Fabricators 21 | . . . . . . . 6 . . . . 5 . . . . 4 . . . . 2 . . . 2 2 . . . Repair Stations 11 | . . . 1 . . 1 2 . . . . 1 . . . . 1 . . . . 4 . . . . 1 . . . Recycling Units 11 | . 1 . 1 . . . 3 . . . . 3 . . . . 1 . . . . 1 . . . 1 . . . . Scanalyzers 6 | . . . . . 1 . 1 . . . . . . . . . 1 . . . . 2 . . . . 1 . . . Garrison Access 16 | . . . . . . . 3 . . . . 3 . . . 1 3 . . . . . . . . 1 1 1 1 2 Total Hacks 827 | . 13 . 35 1 22 29 91 1 1 30 . 73 18 11 . 36 137 . 1 19 1 106 1 12 . 61 75 1 27 25 Successful 441 | . 5 . 19 1 16 16 50 1 1 30 . 44 12 5 . 14 58 . 1 19 1 62 1 12 . 21 29 1 11 11 Failed 385 | . 8 . 15 . 6 13 41 . . . . 29 6 6 . 22 79 . . . . 44 . . . 40 46 . 16 14 Catastrophic 69 | . . . . . . . 12 . . . . 4 1 2 . 1 16 . . . . 2 . . . 11 9 . 7 4 Database Lockouts 1 | . . . 1 . . . . . . . . . . . . . . . . . . . . . . . . . . . Manual 385 | . 7 . 21 . 14 13 53 . . . . 36 9 1 . 30 84 . . . 1 40 . 2 . 27 20 1 14 12 Terminals 565 | . 12 . 32 . 17 27 59 . 1 . . 39 18 11 . 34 101 . . . 1 64 . . . 43 58 . 25 23 Fabricators 66 | . . . . . . . 16 . . . . 18 . . . . 13 . . . . 7 . . . 5 7 . . . Repair Stations 43 | . . . 2 . . 2 5 . . . . 3 . . . . 4 . . . . 21 . . . . 6 . . . Recycling Units 30 | . 1 . 1 . . . 5 . . . . 9 . . . . 4 . . . . 4 . . . 6 . . . . Scanalyzers 20 | . . . . . 5 . 1 . . . . . . . . . 3 . . . . 10 . . . . 1 . . . Garrison Access 38 | . . . . . . . 5 . . . . 4 . . . 2 12 . . . . . . . . 7 3 1 2 2 Terminal Hacks 253 | . 1 . 11 1 5 7 24 1 1 30 . 22 7 5 . 7 28 . 1 19 1 22 1 12 . 15 17 . 9 6 Record 58 | . . . . . . . 3 1 1 11 . 4 2 4 . 1 1 . . 7 1 4 . 7 . 5 3 . 3 . Part Schematic 15 | . . . . . . . . . . 10 . . . . . . 1 . . 4 . . . . . . . . . . Robot Schematic 6 | . . . . . . . . . . 6 . . . . . . . . . . . . . . . . . . . . Robot Analysis 7 | . . . 1 . . . . . . . . 1 . . . . 1 . . 4 . . . . . . . . . . Prototype ID Bank 39 | . 1 . 3 . 1 . 5 . . 3 . 5 1 . . . 5 . . 4 . 5 . 4 . 1 1 . . . Open Door 12 | . . . . 1 . 5 . . . . . . . 1 . . . . 1 . . . 1 1 . . . . 2 . Level Access Points 1 | . . . . . . . . . . . . . . . . . . . . . . . . . . . 1 . . . Branch Access Points 8 | . . . 1 . 1 . 1 . . . . . . . . . 1 . . . . . . . . 1 1 . 1 1 Emergency Access Points 4 | . . . . . . . . . . . . 1 . . . . 1 . . . . 1 . . . . 1 . . . Machine Index 2 | . . . . . . . . . . . . . . . . . . . . . . . . . . 1 . . . 1 Terminal Index 3 | . . . . . . . 1 . . . . 1 . . . . 1 . . . . . . . . . . . . . Fabricator Index 3 | . . . . . . . 1 . . . . 1 . . . . . . . . . 1 . . . . . . . . Scanalyzer Index 1 | . . . . . . . 1 . . . . . . . . . . . . . . . . . . . . . . . Garrison Index 1 | . . . . . . . 1 . . . . . . . . . . . . . . . . . . . . . . . Alert Level 29 | . . . 2 . 1 . 4 . . . . 3 1 . . 2 6 . . . . 5 . . . 1 2 . 1 1 Unreport Threat 26 | . . . 2 . 1 1 3 . . . . 1 2 . . 2 3 . . . . 2 . . . 2 4 . 1 2 Locate Traps 16 | . . . . . . . 3 . . . . 3 1 . . 2 4 . . . . . . . . 1 1 . . 1 Disarm Traps 1 | . . . . . . . . . . . . . . . . . . . . . . 1 . . . . . . . . Security Status 1 | . . . . . . . . . . . . . . . . . 1 . . . . . . . . . . . . . Surveillance Status 1 | . . . . . . . . . . . . . . . . . . . . . . 1 . . . . . . . . Patrol Status 1 | . . . . . . . . . . . . 1 . . . . . . . . . . . . . . . . . . Recall Extermination 2 | . . . . . . . . . . . . . . . . . . . . . . 1 . . . . . . 1 . Recall Reinforcements 1 | . . . . . . . . . . . . . . . . . . . . . . . . . . 1 . . . . Hauler Manifests 9 | . . . 1 . 1 1 1 . . . . 1 . . . . 1 . . . . 1 . . . 1 1 . . . Registered Prototypes 1 | . . . . . . . . . . . . . . . . . 1 . . . . . . . . . . . . . Zone Layout 3 | . . . 1 . . . . . . . . . . . . . 1 . . . . . . . . 1 . . . . Protovariant Controls 2 | . . . . . . . . . . . . . . . . . . . . . . . . . . . 2 . . . Fabricator Hacks 10 | . . . . . . . 2 . . . . 3 . . . . 1 . . . . 3 . . . . 1 . . . Network Status 3 | . . . . . . . . . . . . . . . . . 1 . . . . 1 . . . . 1 . . . Load Schematic 3 | . . . . . . . 1 . . . . 1 . . . . . . . . . 1 . . . . . . . . Build 4 | . . . . . . . 1 . . . . 2 . . . . . . . . . 1 . . . . . . . . Repair Station Hacks 28 | . . . 2 . . 2 4 . . . . 2 . . . . 1 . . . . 13 . . . . 4 . . . Scan Component 15 | . . . 1 . . 1 2 . . . . 1 . . . . 1 . . . . 7 . . . . 2 . . . Repair 13 | . . . 1 . . 1 2 . . . . 1 . . . . . . . . . 6 . . . . 2 . . . Recycling Unit Hacks 2 | . . . . . . . 1 . . . . . . . . . . . . . . 1 . . . . . . . . Report Inventory 1 | . . . . . . . . . . . . . . . . . . . . . . 1 . . . . . . . . Retrieve Components 1 | . . . . . . . 1 . . . . . . . . . . . . . . . . . . . . . . . Scanalyzer 14 | . . . . . 5 . 1 . . . . . . . . . 2 . . . . 6 . . . . . . . . Insert Component 10 | . . . . . 3 . 1 . . . . . . . . . 2 . . . . 4 . . . . . . . . Analyze 4 | . . . . . 2 . . . . . . . . . . . . . . . . 2 . . . . . . . . Garrison Access Hacks 9 | . . . . . . . 2 . . . . 2 . . . . 2 . . . . . . . . . 1 . . 2 Seal Access 9 | . . . . . . . 2 . . . . 2 . . . . 2 . . . . . . . . . 1 . . 2 Unauthorized Hacks 125 | . 4 . 6 . 6 7 16 . . . . 15 5 . . 7 24 . . . . 17 . . . 6 6 1 2 3 Terminals 94 | . 3 . 5 . 6 7 10 . . . . 7 5 . . 6 20 . . . . 13 . . . 3 4 . 2 3 Track 16 | . . . 1 . 1 2 1 . . . . 3 1 . . 2 3 . . . . 1 . . . 1 . . . . Assimilate 9 | . . . . . 1 1 1 . . . . . . . . . 3 . . . . 3 . . . . . . . . Botnet 59 | . 3 . 3 . 3 3 7 . . . . 3 3 . . 3 13 . . . . 8 . . . 2 3 . 2 3 Operators 10 | . . . 1 . 1 1 1 . . . . 1 1 . . 1 1 . . . . 1 . . . . 1 . . . Fabricators 14 | . . . . . . . 4 . . . . 4 . . . . 3 . . . . 2 . . . . 1 . . . Liberate 1 | . . . . . . . 1 . . . . . . . . . . . . . . . . . . . . . . . Fabnet 13 | . . . . . . . 3 . . . . 4 . . . . 3 . . . . 2 . . . . 1 . . . Repair Stations . | . . . . . . . . . . . . . . . . . . . . . . . . . . . . . . . Recycling Units 11 | . 1 . 1 . . . 2 . . . . 3 . . . . . . . . . 2 . . . 2 . . . . Monitor 1 | . . . . . . . . . . . . . . . . . . . . . . . . . . 1 . . . . Reject 3 | . . . . . . . . . . . . 2 . . . . . . . . . 1 . . . . . . . . Recyclers 1 | . . . . . . . . . . . . . . . . . . . . . . . . . . 1 . . . . Mask 2 | . . . . . . . . . . . . 1 . . . . . . . . . 1 . . . . . . . . Tunnel 4 | . 1 . 1 . . . 2 . . . . . . . . . . . . . . . . . . . . . . . Scanalyzers 1 | . . . . . . . . . . . . . . . . . . . . . . . . . . . 1 . . . Researchers 1 | . . . . . . . . . . . . . . . . . . . . . . . . . . . 1 . . . Garrison Access 5 | . . . . . . . . . . . . 1 . . . 1 1 . . . . . . . . 1 . 1 . . Jam 5 | . . . . . . . . . . . . 1 . . . 1 1 . . . . . . . . 1 . 1 . . Data Cores Recovered 1 | . . . . . . . . . . . . . . . . . . . . . . . . . . . 1 . . . Used 1 | . . . . . . . . . . . . . . . . . . . . . . . . . . . 1 . . . Hacking Detections 157 | . 4 . 8 . 4 8 25 . . . . 19 6 3 . 7 20 . . . . 13 . . . 12 14 . 7 7 Full Trace Events 22 | . 2 . 1 . . 1 9 . . . . 2 . 1 . . 1 . . . . 1 . . . 3 . . 1 . Feedback Events 3 | . 1 . . . . . . . . . . . . . . . . . . . . . . . . 2 . . . . Corruption 3 | . 1 . . . . . . . . . . . . . . . . . . . . . . . . 2 . . . . Feedback Blocked . | . . . . . . . . . . . . . . . . . . . . . . . . . . . . . . . Robot Schematics Acquired 9 | . . . . . . . . . . 6 . . . . . . . . . . . . . . . . 1 . 2 . Robots Built . | . . . . . . . . . . . . . . . . . . . . . . . . . . . . . . . Authchips . | . . . . . . . . . . . . . . . . . . . . . . . . . . . . . . . Time . | . . . . . . . . . . . . . . . . . . . . . . . . . . . . . . . Total Robot Build Rating . | . . . . . . . . . . . . . . . . . . . . . . . . . . . . . . . Part Schematics Acquired 34 | . . . . . 2 . . . . 10 . . . . . . 1 . . 4 . 1 . . . . 9 . 7 . Parts Built 6 | . . . . . . . 2 . . . . 3 . . . . . . . . . 1 . . . . . . . . Authchips . | . . . . . . . . . . . . . . . . . . . . . . . . . . . . . . . Time 339 | . . . . . . . 84 . . . . 103 . . . . . . . . . 152 . . . . . . . . Total Part Build Rating 30 | . . . . . . . 8 . . . . 17 . . . . . . . . . 5 . . . . . . . . Parts Repaired 13 | . . . 1 . . 1 2 . . . . 1 . . . . . . . . . 6 . . . . 2 . . . Time 752 | . . . 50 . . 38 110 . . . . 30 . . . . . . . . . 442 . . . . 82 . . . Parts Recycled . | . . . . . . . . . . . . . . . . . . . . . . . . . . . . . . . Recycled Matter . | . . . . . . . . . . . . . . . . . . . . . . . . . . . . . . . Retrieved Matter . | . . . . . . . . . . . . . . . . . . . . . . . . . . . . . . . Retrieved Components 7 | . . . . . . . 7 . . . . . . . . . . . . . . . . . . . . . . . Parts Scanalyzed 3 | . . . . . 2 . . . . . . . . . . . . . . . . 1 . . . . . . . . Part Schematics Acquired 3 | . . . . . 2 . . . . . . . . . . . . . . . . 1 . . . . . . . . Parts Damaged . | . . . . . . . . . . . . . . . . . . . . . . . . . . . . . . . Bothacking | -11 -10 -10 -9 -9 -8 -8 -7 -7 -7 -7 -6 -6 -6 -6 -6 -6 -5 -5 -5 -5 -4 -4 -4 -4 -3 -3 -3 -2 -2 -1 ------------ Run | Yrd Mat Min Mat Min Mat Sto Fac Low Low Dat Pro Fac Ext Cet Arc Hub Fac Upp Upp Zhi Pro Fac Upp War Pro Res Tes Res Qua Acc Used RIF Installer . | . . . . . . . . . . . . . . . . . . . . . . . . . . . . . . . Robots Hacked 54 | . . . . . . . 1 . . . 2 1 4 1 1 8 3 4 . . . 1 1 10 1 8 2 6 . . Non-combat 1 | . . . . . . . 1 . . . . . . . . . . . . . . . . . . . . . . . Combat 53 | . . . . . . . . . . . 2 1 4 1 1 8 3 4 . . . 1 1 10 1 8 2 6 . . Robot Hacks Applied 3 | . . . . . . . 1 . . . . . 1 1 . . . . . . . . . . . . . . . . parse_system 2 | . . . . . . . . . . . . . 1 1 . . . . . . . . . . . . . . . . find_chute 1 | . . . . . . . 1 . . . . . . . . . . . . . . . . . . . . . . . Relay Couplers Released 7 | . . . . . . . . . . . . . . . . . . . . . . 2 . . . 3 . 2 . . Machine Destruction 7 | . . . . . . . . . . . . . . . . . . . . . . 2 . . . 3 . 2 . . Fabnet Peak Effective % 15 | . . . . . . . . . . . 9 9 9 9 9 9 15 15 15 15 13 13 13 13 9 9 9 5 5 1 Autooverrided 51 | . . . . . . . . . . . 2 1 3 . 1 8 3 4 . . . 1 1 10 1 8 2 6 . . Robots Rewired 11 | . . . . . . . . . . . . . 9 . . . . . 1 . . . . . . . 1 . . . Allies Hacked . | . . . . . . . . . . . . . . . . . . . . . . . . . . . . . . . Hacks Repelled . | . . . . . . . . . . . . . . . . . . . . . . . . . . . . . . . Allies | -11 -10 -10 -9 -9 -8 -8 -7 -7 -7 -7 -6 -6 -6 -6 -6 -6 -5 -5 -5 -5 -4 -4 -4 -4 -3 -3 -3 -2 -2 -1 -------- Run | Yrd Mat Min Mat Min Mat Sto Fac Low Low Dat Pro Fac Ext Cet Arc Hub Fac Upp Upp Zhi Pro Fac Upp War Pro Res Tes Res Qua Acc Total Allies 102 | . . 3 . 3 1 11 1 . . . 2 1 23 5 1 8 6 4 1 . . 3 1 10 1 8 3 6 . . Largest Group 16 | . . 2 . 3 1 11 3 . . . 1 1 15 16 15 3 3 1 1 1 1 1 1 3 1 3 1 2 . . Highest-Rated Group 847 | . . 49 . 40 10 183 42 . . . 20 32 578 847 847 106 85 49 49 49 49 45 12 153 58 150 99 122 . . Highest-Rated Ally 159 | . . 31 . 16 10 29 16 . . . 20 32 159 159 131 47 49 49 49 49 49 45 12 58 58 56 99 69 . . Total Orders 14 | . . . . . . 1 1 . . . . . 2 . . . 5 . . 2 1 2 . . . . . . . . STAY 10 | . . . . . . 1 1 . . . . . 1 . . . 3 . . 1 1 2 . . . . . . . . FOLLOW 4 | . . . . . . . . . . . . . 1 . . . 2 . . 1 . . . . . . . . . . Ally Attacks 525 | . . . . 19 . 109 . . . . 5 . 148 81 60 15 3 3 . . . 1 1 22 4 22 8 24 . . Total Damage 11196 | . . . . 202 . 1307 . . . . 146 . 2794 1422 2375 299 39 34 . . . 5 14 698 178 655 171 857 . . Kills 77 | . . . . 6 . 19 . . . . . . 19 7 14 1 . . . . . . . 3 1 3 1 3 . . Allies Corrupted 3 | . . . . . . . . . . . . . . . . 1 . . . . . . . 1 . . 1 . . . Allies Melted 2 | . . . . . . . . . . . . . . . . . . . . . . . . . . . . 2 . . Intel | -11 -10 -10 -9 -9 -8 -8 -7 -7 -7 -7 -6 -6 -6 -6 -6 -6 -5 -5 -5 -5 -4 -4 -4 -4 -3 -3 -3 -2 -2 -1 ------- Run | Yrd Mat Min Mat Min Mat Sto Fac Low Low Dat Pro Fac Ext Cet Arc Hub Fac Upp Upp Zhi Pro Fac Upp War Pro Res Tes Res Qua Acc Robot Analysis Total 7 | . . . 1 . . . . . . . . 1 . . . . 1 . . 4 . . . . . . . . . . Derelict Logs Recovered 13 | . . 1 . 2 . . . 1 2 . 2 . . . . . . 2 2 . 1 . . . . . . . . . Drone Launches . | . . . . . . . . . . . . . . . . . . . . . . . . . . . . . . . Drone Recoveries . | . . . . . . . . . . . . . . . . . . . . . . . . . . . . . . . Exploration | -11 -10 -10 -9 -9 -8 -8 -7 -7 -7 -7 -6 -6 -6 -6 -6 -6 -5 -5 -5 -5 -4 -4 -4 -4 -3 -3 -3 -2 -2 -1 ------------- Run | Yrd Mat Min Mat Min Mat Sto Fac Low Low Dat Pro Fac Ext Cet Arc Hub Fac Upp Upp Zhi Pro Fac Upp War Pro Res Tes Res Qua Acc Turns Passed 27096 | 104 780 637 1264 550 588 638 2177 570 2192 125 1754 1817 906 357 139 1319 3054 554 479 87 375 1277 321 670 193 706 1175 957 564 767 Spaces Moved 34592 | 61 525 507 763 698 750 647 3502 1288 1424 79 1141 2314 1199 338 73 842 3986 1370 945 187 769 1787 632 916 417 1432 1785 1798 836 1581 Core 52 | 2 . . . . . . . . . . . . . . . 3 19 . . . . . . . . . . . . 28 Treads 1710 | . . . . . . . . . 412 79 739 . . 84 73 323 . . . . . . . . . . . . . . Legs 1929 | 59 525 507 578 . . . . . 226 . . 34 . . . . . . . . . . . . . . . . . . Wheels 571 | . . . . . . . . . . . 402 151 . . . 18 . . . . . . . . . . . . . . Hover 30330 | . . . 185 698 750 647 3502 1288 786 . . 2129 1199 254 . 498 3967 1370 945 187 769 1787 632 916 417 1432 1785 1798 836 1553 Flight . | . . . . . . . . . . . . . . . . . . . . . . . . . . . . . . . Fastest Speed 16 | 50 120 120 53 53 53 45 38 38 38 160 115 40 40 46 160 50 16 27 36 36 36 16 17 30 36 16 16 16 17 18 Average Speed 53 | 120 120 120 103 53 53 48 41 38 141 160 144 46 43 75 160 98 51 35 36 36 36 34 29 30 36 29 33 30 33 31 Slowest Speed 260 | 190 120 120 120 53 53 58 110 38 260 160 240 190 96 160 160 160 150 36 36 36 36 92 30 86 36 36 97 104 43 50 Overloaded Moves 394 | . . . . . . . . . . . . . . . . . 24 8 . . . 25 6 . . 8 94 95 66 68 Propulsion Burnouts . | . . . . . . . . . . . . . . . . . . . . . . . . . . . . . . . Robots Hopped . | . . . . . . . . . . . . . . . . . . . . . . . . . . . . . . . Cave-ins Triggered 2 | . . . . . . 1 . . . . . . . . . . 1 . . . . . . . . . . . . . Teleports 5 | . . . . . . . . . . . . . . . . . . . . . . . . . . . . 1 3 1 Exploration Rate (%) 72 | 4 80 88 61 98 52 70 86 97 97 68 97 44 92 93 94 62 73 93 88 63 81 37 71 90 68 40 93 49 71 44 Regions Visited 30 Branch Regions 20 Pre-discovered Areas 10 | . 1 . 1 1 . . 2 . . 1 . . . . . . . . 1 3 . . . . . . . . . . Known Exits Taken 27 | . . 1 1 . 1 1 1 1 1 1 1 1 1 1 1 1 1 1 1 1 1 1 1 1 1 1 1 1 1 . Unknown Exits Taken 3 | 1 1 . . 1 . . . . . . . . . . . . . . . . . . . . . . . . . . Scrap Searched 37 | . . 1 . 2 . . . 3 12 . 5 . . . . . . 2 5 . 3 . 2 . 2 . . . . . Spaces Dug 275 | . . . . . 3 9 66 . . . . 26 3 . . 7 30 . . . . 10 1 . . 6 8 89 4 13 Terrain Destroyed 2973 | . 39 . 31 13 17 9 189 98 137 . 227 26 61 3 . 33 60 158 88 . 118 44 24 198 202 23 146 380 90 559 Melee 164 | . . . . . 3 9 38 . . . . 26 3 . . 7 30 . . . . 10 1 . . 6 8 6 4 13 Projectile 21 | . . . . . . . . . . . . . . 3 . 18 . . . . . . . . . . . . . . AOE 2788 | . 39 . 31 13 14 . 151 98 137 . 227 . 58 . . 8 30 158 88 . 118 34 23 198 202 17 138 374 86 546 Terrain Rammed . | . . . . . . . . . . . . . . . . . . . . . . . . . . . . . . . Walls Destroyed . | . . . . . . . . . . . . . . . . . . . . . . . . . . . . . . . Machines Disabled . | . . . . . . . . . . . . . . . . . . . . . . . . . . . . . . . Actions | -11 -10 -10 -9 -9 -8 -8 -7 -7 -7 -7 -6 -6 -6 -6 -6 -6 -5 -5 -5 -5 -4 -4 -4 -4 -3 -3 -3 -2 -2 -1 --------- Run | Yrd Mat Min Mat Min Mat Sto Fac Low Low Dat Pro Fac Ext Cet Arc Hub Fac Upp Upp Zhi Pro Fac Upp War Pro Res Tes Res Qua Acc Total 41376 | 76 619 525 1084 837 897 875 4028 1353 1560 78 1216 2934 1518 420 88 1178 4807 1415 1076 204 848 2366 742 1273 442 1670 2243 2145 1083 1776 Wait 4174 | . 42 6 178 96 94 121 222 41 64 . 6 384 193 15 3 183 556 23 99 4 37 448 72 288 11 178 292 238 150 130 Move 34561 | 60 524 506 762 697 749 646 3501 1287 1423 78 1140 2313 1198 337 72 841 3985 1369 944 186 768 1786 631 915 416 1431 1784 1797 835 1580 Hop . | . . . . . . . . . . . . . . . . . . . . . . . . . . . . . . . Pick Up 231 | 2 7 2 9 7 6 10 21 1 7 . 8 18 8 12 1 10 24 2 6 2 8 7 8 7 . 5 12 10 9 2 Fast Attach 214 | 6 4 . 11 1 4 9 13 3 4 . 4 10 2 2 2 10 37 . . 4 . 17 1 8 . 8 15 6 24 9 Attach 172 | 1 . . 8 . 3 3 16 . 8 . 6 10 8 5 . 15 10 1 7 . 6 8 4 3 . 5 15 15 10 5 Detach 62 | . 1 . . . . 2 5 . 3 . . 3 . 4 . 8 10 . 1 . . 4 . 1 . . 9 5 5 1 Swap 260 | . 7 3 7 6 5 10 33 2 14 . 6 31 18 14 3 12 35 3 4 2 7 14 3 2 . 6 10 . 2 1 Drop 323 | . 5 2 16 7 9 13 26 3 4 . 12 20 9 12 3 8 36 3 5 5 8 15 8 17 . 10 25 12 26 4 Fire 460 | 7 29 6 93 23 3 . 13 13 17 . 27 . 6 13 . 78 2 14 5 . 8 2 1 32 15 1 10 35 6 1 Melee 687 | . . . . . 24 61 108 . 11 . 4 70 48 6 4 9 111 . 4 1 6 50 11 . . 21 60 19 16 43 Ram . | . . . . . . . . . . . . . . . . . . . . . . . . . . . . . . . Kick . | . . . . . . . . . . . . . . . . . . . . . . . . . . . . . . . Crush . | . . . . . . . . . . . . . . . . . . . . . . . . . . . . . . . Escape Stasis 42 | . . . . . . . 13 . . . . . 24 . . . . . . . . . . . . . . 5 . . Rewire 4 | . . . . . . . . . . . . . 3 . . . . . . . . . . . . . 1 . . . Trap 186 | . . . . . . . 57 3 5 . 3 75 1 . . 4 1 . 1 . . 15 3 . . 5 10 3 . . Miscellaneous . | . . . . . . . . . . . . . . . . . . . . . . . . . . . . . . . Route ------- -11/Scrapyard -10/Materials (discovered 4 exits: *Mat x2 / [*Min] / [*Sub]) -10/Mines (discovered 2 exits: *Mat x2) -9/Materials (discovered 2 exits: *Mat / *Min) -9/Mines (discovered 3 exits: *Mat x2 / [*Exi]) -8/Materials (discovered 4 exits: *Fac x2 / *Sto x2) -8/Storage -7/Factory (discovered 5 exits: *Fac x3 / *Low x2) -7/Lower Caves -7/Lower Caves (discovered 2 exits: *Fac / *Dat) -7/Data Miner -6/Proximity Caves -6/Factory (discovered 4 exits: Low x2 / *Ext x2) -6/Extension (discovered 3 exits: *Fac x2 / *Cet) -6/Cetus (discovered 3 exits: *Fac x2 / *Arc) -6/Archives (discovered 2 exits: *Fac / *Hub) -6/Hub_04(d) (discovered 3 exits: *Fac x3) -5/Factory (discovered 5 exits: *Fac x3 / *Upp x2) -5/Upper Caves -5/Upper Caves (discovered 2 exits: *Fac / *Zhi) -5/Zhirov -4/Proximity Caves -4/Factory (discovered 3 exits: *Res x2 / *Upp) -4/Upper Caves (discovered 2 exits: *Upp / *War) -4/Warlord -3/Proximity Caves -3/Research (discovered 4 exits: *Res / Arm / *Tes x2) -3/Testing -2/Research (discovered 4 exits: *Acc x2 / *Qua x2) -2/Quarantine -1/Access (discovered 2 exits: [*Sur] / Com) Tau Ceti IV Orbit History --------- Turn | Location | Event 25 | -11/Scrapyard | Discovered new exit (range 16) 105 | -11/Scrapyard | Entered Materials 210 | -10/Materials | Destroyed 7 combat bots 314 | -10/Materials | Build established: Mutant 412 | -10/Materials | Discovered new exit (range 12) 592 | -10/Materials | Discovered new exit (range 14) 786 | -10/Materials | Discovered new exit (range 8) 829 | -10/Materials | Discovered new exit (range 13) 885 | -10/Materials | Entered Mines 888 | -10/Mines | Received a Mining Laser from a helpful Derelict 1033 | -10/Mines | Learned Materials garrison access intel 1077 | -10/Mines | Assembled infested the area 1082 | -10/Mines | Assisted by a Guerilla fighting off Assembled 1112 | -10/Mines | Discovered new exit (range 15) 1203 | -10/Mines | Discovered new exit (range 13) 1223 | -10/Mines | Identified exit to Materials 1522 | -10/Mines | Entered Materials 1522 | -9/Materials | Evolved 2 slots: Propulsion x2 1914 | -9/Materials | Discovered new exit (range 14) 1960 | -9/Materials | Build established: Scavenger-Mutant 2342 | -9/Materials | Discovered new exit (range 16) 2372 | -9/Materials | Identified exit to Mines 2372 | -9/Materials | Central database locked down 2707 | -9/Materials | Repaired Cmb. Airjet 2786 | -9/Materials | Entered Mines 2788 | -9/Mines | Assisted by bots powering up and referring to "LRC-V3" 2922 | -9/Mines | Build established: Mutant 3116 | -9/Mines | Discovered new exit (range 7) 3127 | -9/Mines | Discovered new exit (range 7) 3145 | -9/Mines | Met a Derelict who couldn't figure out how to use a Trap Extractor 3269 | -9/Mines | Learned Materials terminal intel 3276 | -9/Mines | Deemed a non-threat by the Exiles lab entrance 3276 | -9/Mines | Discovered new exit (range 5) 3336 | -9/Mines | Entered Materials 3336 | -8/Materials | Evolved 2 slots: Utility x2 3337 | -8/Materials | Loaded intel: 10 terminal locations 3650 | -8/Materials | Discovered new exit (range 4) 3831 | -8/Materials | Identified exit to Storage 3898 | -8/Materials | Discovered new exit (range 8) 3924 | -8/Materials | Entered Storage 3987 | -8/Storage | Repaired Airjet 4123 | -8/Storage | Assisted by bots powering up and referring to "LRC-V3" 4197 | -8/Storage | Lost 4 allies 4202 | -8/Storage | Crushed by falling debris 4233 | -8/Storage | Lost 3 parts (1n1u1w) 4398 | -8/Storage | Found Prototype Launcher 4437 | -8/Storage | Build established: Commander-Mutant 4547 | -8/Storage | Discovered new exit (range 9) 4551 | -8/Storage | Identified Gui. Missile Launcher 4561 | -8/Storage | Identified exit to Factory 4562 | -8/Storage | Entered Factory 4562 | -7/Factory | Accompanied by 2 allies 4562 | -7/Factory | Evolved 2 slots: Propulsion x1, Utility x1 4810 | -7/Factory | Discovered new exit (range 9) 4813 | -7/Factory | Identified exit to Factory 4826 | -7/Factory | Build established: Scout 4871 | -7/Factory | Garrison activated, responded to threat 4910 | -7/Factory | Identified exit to Lower Caves 4993 | -7/Factory | Discovered exit to Factory (range 5) 5352 | -7/Factory | Build established: Scavenger-Scout 5449 | -7/Factory | Repaired Aerolev Unit 6053 | -7/Factory | Repaired Cmb. Airjet 6127 | -7/Factory | Discovered exit to Factory (range 4) 6155 | -7/Factory | Fabricated Imp. Trap Extractor? 6553 | -7/Factory | Lost 5 parts (1p2n1u1w) 6562 | -7/Factory | Search patrols dispatched 6721 | -7/Factory | Build established: Trapper-Mutant 6739 | -7/Factory | Entered Lower Caves 6796 | -7/Lower Caves | Attracted the attention of an 0b10 outpost 6890 | -7/Lower Caves | Learned location of 1 exit from Proximity Caves 6897 | -7/Lower Caves | Encountered a Warlord checkpoint 6943 | -7/Lower Caves | Discovered new exit (range 8) 6945 | -7/Lower Caves | Identified exit to Lower Caves 7309 | -7/Lower Caves | Entered another Lower Caves area 7334 | -7/Lower Caves | Learned location of 1 exit from Factory 7341 | -7/Lower Caves | Discovered exit to Factory (range 6) 7410 | -7/Lower Caves | Spotted B-75 Beast 7655 | -7/Lower Caves | Build established: Hacker-Mutant 8031 | -7/Lower Caves | Destroyed B-75 Beast 8584 | -7/Lower Caves | Build established: Trapper-Mutant 8600 | -7/Lower Caves | Discovered new exit (range 6) 8610 | -7/Lower Caves | Identified exit to Data Miner 9145 | -7/Lower Caves | Learned location of 1 exit from Factory 9501 | -7/Lower Caves | Entered Data Miner 9501 | -7/Data Miner | Discovered new exit (range 6) 9513 | -7/Data Miner | Identified exit to Proximity Caves 9533 | -7/Data Miner | Met Data Miner 9564 | -7/Data Miner | Learned location of Section 7 (-2) 9564 | -7/Data Miner | Acquired the access code to Warlord's prototype stash 9593 | -7/Data Miner | Received God Mode back door access code from Data Miner 9626 | -7/Data Miner | Entered Proximity Caves 10180 | -6/Proximity Caves | Attracted the attention of an 0b10 checkpoint 10865 | -6/Proximity Caves | Learned Factory terminal intel 10913 | -6/Proximity Caves | Learned Factory stockpile data 11380 | -6/Proximity Caves | Entered Factory 11380 | -6/Factory | Evolved 2 slots: Utility x2 11381 | -6/Factory | Identified exit to Lower Caves 11383 | -6/Factory | Loaded intel: 27 terminal locations 11656 | -6/Factory | Incoming investigation squad redirected 11922 | -6/Factory | Build established: Trapper-Gladiator 11951 | -6/Factory | Repaired Aerolev Unit 12161 | -6/Factory | Incoming investigation squad redirected 12189 | -6/Factory | Fabricated Lgt. Regenerative Plating? 12210 | -6/Factory | Discovered new exit (range 14) 12221 | -6/Factory | Identified exit to Extension 12470 | -6/Factory | Spotted B-75 Beast 13098 | -6/Factory | Discovered exit to Extension (range 16) 13172 | -6/Factory | Fabricated Gyrokinetic Inverter (x2) 13197 | -6/Factory | Entered Extension 13296 | -6/Extension | Spotted B-75 Beast 13478 | -6/Extension | Rescued a captive Derelict 13479 | -6/Extension | Rescued a captive Derelict 13481 | -6/Extension | Rescued A7 13557 | -6/Extension | Rescued a captive Derelict 13557 | -6/Extension | Rescued a captive Derelict 13563 | -6/Extension | Rescued a captive Derelict 13623 | -6/Extension | Spotted B-75 Beast 13654 | -6/Extension | Destroyed B-75 Beast 13673 | -6/Extension | Lost 4 allies 13680 | -6/Extension | Rescued a captive Derelict 13688 | -6/Extension | Lost 3 parts (1n1u1w) 13689 | -6/Extension | Rescued a captive Derelict 13691 | -6/Extension | Rescued a captive Derelict 13698 | -6/Extension | Rescued a captive Derelict 13848 | -6/Extension | Rescued a captive Derelict 13867 | -6/Extension | Rescued a captive Derelict 13917 | -6/Extension | Discovered new exit (range 10) 13917 | -6/Extension | Discovered new exit (range 6) 13920 | -6/Extension | Identified exit to Cetus 13922 | -6/Extension | Identified exit to Factory 13985 | -6/Extension | Discovered exit to Factory (range 3) 14103 | -6/Extension | Disrupted transfer network 14103 | -6/Extension | Entered Cetus 14103 | -6/Cetus | Accompanied by 15 allies (A7) 14108 | -6/Cetus | Acquired a Cetus Manufacturing Module code from A7 14109 | -6/Cetus | Spotted Cetus Guard 14112 | -6/Cetus | Spotted Cetus Guard 14112 | -6/Cetus | Spotted Cetus Guard 14113 | -6/Cetus | Spotted Cetus Guard 14116 | -6/Cetus | Allies destroyed Cetus Guard 14127 | -6/Cetus | Allies destroyed Cetus Guard 14128 | -6/Cetus | Allies destroyed Cetus Guard 14137 | -6/Cetus | Allies destroyed Cetus Guard 14163 | -6/Cetus | Discovered exit to Factory (range 21) 14230 | -6/Cetus | Started Cetus Manufacturing Module 14238 | -6/Cetus | Escorted A7 to Cetus Mainframe 14249 | -6/Cetus | Discovered new exit (range 21) 14255 | -6/Cetus | Manufactured an Enhanced Grunt 14261 | -6/Cetus | Identified exit to Archives 14269 | -6/Cetus | Spotted Cetus Guard 14277 | -6/Cetus | Spotted Cetus Guard 14277 | -6/Cetus | Spotted Cetus Guard 14277 | -6/Cetus | Spotted Cetus Guard 14280 | -6/Cetus | Manufactured an Enhanced Grunt 14290 | -6/Cetus | Destroyed Cetus Guard 14293 | -6/Cetus | Allies destroyed Cetus Guard 14301 | -6/Cetus | Discovered exit to Factory (range 21) 14304 | -6/Cetus | Allies destroyed Cetus Guard 14305 | -6/Cetus | Manufactured an Enhanced Grunt 14306 | -6/Cetus | Destroyed Cetus Guard 14325 | -6/Cetus | Met Revision 17 14330 | -6/Cetus | Manufactured an Enhanced Grunt 14332 | -6/Cetus | Lost 4 allies 14355 | -6/Cetus | Manufactured an Enhanced Grunt 14460 | -6/Cetus | Entered Archives 14460 | -6/Archives | Accompanied by 15 allies (A7) 14465 | -6/Archives | Received a hacking code to weaken MAIN.C 14512 | -6/Archives | Met Zhirov 14518 | -6/Archives | Reinforcements dispatched to Archives 14536 | -6/Archives | Unable to access archive contents 14552 | -6/Archives | Discovered exit to Factory (range 19) 14563 | -6/Archives | Reinforcements dispatched to Archives 14564 | -6/Archives | Local machine network offline 14565 | -6/Archives | Zhirov warped through subspace 14570 | -6/Archives | Discovered new exit (range 13) 14583 | -6/Archives | Zhirov detonated Archives 14597 | -6/Archives | Identified exit to Hub_04(d) 14599 | -6/Archives | Entered Hub_04(d) 14614 | -6/Hub_04(d) | Lost 14 allies 14692 | -6/Hub_04(d) | Discovered exit to Factory (range 14) 14787 | -6/Hub_04(d) | Found Scatter Rocket Array 14929 | -6/Hub_04(d) | Discovered exit to Factory (range 22) 14949 | -6/Hub_04(d) | First assault squad dispatched 15083 | -6/Hub_04(d) | Spotted B-75 Beast 15119 | -6/Hub_04(d) | Destroyed B-75 Beast 15123 | -6/Hub_04(d) | System corruption reached 10% 15333 | -6/Hub_04(d) | Network Hub disabled 15365 | -6/Hub_04(d) | Garrison activated, responded to threat 15407 | -6/Hub_04(d) | Core integrity fell below 50% 15411 | -6/Hub_04(d) | Build established: Scavenger-Skirmisher 15528 | -6/Hub_04(d) | Incoming investigation squad redirected 15537 | -6/Hub_04(d) | Lost 6 parts (1p2n2u1w) 15800 | -6/Hub_04(d) | Spotted Lightning 15800 | -6/Hub_04(d) | Spotted Lightning 15807 | -6/Hub_04(d) | Spotted Lightning 15848 | -6/Hub_04(d) | Spotted Lightning 15848 | -6/Hub_04(d) | Spotted Lightning 15848 | -6/Hub_04(d) | Spotted Lightning 15865 | -6/Hub_04(d) | Local machine network offline 15870 | -6/Hub_04(d) | Spotted Lightning 15880 | -6/Hub_04(d) | Spotted Lightning 15886 | -6/Hub_04(d) | Core integrity fell below 20% 15888 | -6/Hub_04(d) | Discovered exit to Factory (range 22) 15918 | -6/Hub_04(d) | System corruption reached 30% 15918 | -6/Hub_04(d) | Entered Factory 15918 | -5/Factory | Evolved 2 slots: Propulsion x1, Utility x1 15946 | -5/Factory | Lost 5 parts (2n3u) 16256 | -5/Factory | Identified exit to Upper Caves 17237 | -5/Factory | Discovered new exit (range 13) 17243 | -5/Factory | Build established: Scavenger-Scout 17245 | -5/Factory | Identified exit to Factory 17478 | -5/Factory | Spotted B-75 Beast 17662 | -5/Factory | Crushed by falling debris 17693 | -5/Factory | Lost 3 parts (3u) 18018 | -5/Factory | First assault squad dispatched 18295 | -5/Factory | Discovered exit to Factory (range 3) 18404 | -5/Factory | Discovered exit to Factory (range 9) 18972 | -5/Factory | Entered Upper Caves 19153 | -5/Upper Caves | Learned Factory terminal intel 19201 | -5/Upper Caves | Discovered new exit (range 13) 19205 | -5/Upper Caves | Identified exit to Upper Caves 19311 | -5/Upper Caves | Learned Factory trap positions 19383 | -5/Upper Caves | Build established: Hacker-Scout 19445 | -5/Upper Caves | Spotted B-75 Beast 19526 | -5/Upper Caves | Entered another Upper Caves area 19553 | -5/Upper Caves | Discovered exit to Factory (range 14) 19686 | -5/Upper Caves | Learned location of 1 exit from Factory 19727 | -5/Upper Caves | Discovered new exit (range 11) 19731 | -5/Upper Caves | Identified exit to Zhirov 19828 | -5/Upper Caves | Destroyed 9 combat bots 19857 | -5/Upper Caves | Learned location of Armory (-3) 20005 | -5/Upper Caves | Entered Zhirov 20005 | -5/Zhirov | Accompanied by 1 ally 20005 | -5/Zhirov | Discovered new exit (range 3) 20022 | -5/Zhirov | Learned location of Quarantine (-2) 20022 | -5/Zhirov | Learned location of Testing (-3) 20038 | -5/Zhirov | Found Alien Artifact 20038 | -5/Zhirov | Identified Integrated Dissipator 20038 | -5/Zhirov | Installed Integrated Dissipator, increased core heat dissipation (+20) 20047 | -5/Zhirov | Found Alien Artifact 20092 | -5/Zhirov | Identified exit to Proximity Caves 20092 | -5/Zhirov | Entered Proximity Caves 20092 | -4/Proximity Caves | Accompanied by 1 ally 20376 | -4/Proximity Caves | Learned Research terminal intel 20378 | -4/Proximity Caves | Discovered exit to Factory (range 15) 20450 | -4/Proximity Caves | Acquired the password to a Derelict Tinkerer's latest research 20467 | -4/Proximity Caves | Entered Factory 20467 | -4/Factory | Evolved 2 slots: Utility x2 20468 | -4/Factory | Identified exit to Research 20469 | -4/Factory | Loaded intel: 82 trap records 20470 | -4/Factory | Loaded intel: 26 terminal locations 20589 | -4/Factory | Repaired Centrium Medium Armor Plating 20637 | -4/Factory | Found Prototype Processor 20824 | -4/Factory | Build established: Trapper-Ninja 20826 | -4/Factory | Repaired Cld. Aerolev Unit 20891 | -4/Factory | Repaired Lyr. Light Armor Plating 20899 | -4/Factory | Discovered new exit (range 12) 20903 | -4/Factory | Identified exit to Upper Caves 20913 | -4/Factory | Identified Exp. Signal Interpreter 20913 | -4/Factory | Identified Transdimensional Reconstructor 21063 | -4/Factory | Found Unknown Protection 21063 | -4/Factory | Identified Hvy. Reflective Plating 21086 | -4/Factory | Fabricated Lgt. Regenerative Plating? 21183 | -4/Factory | Spotted B-86 Titan 21253 | -4/Factory | Discovered exit to Research (range 6) 21340 | -4/Factory | Repaired Cld. Aerolev Unit 21624 | -4/Factory | Repaired Cld. Aerolev Unit 21707 | -4/Factory | Repaired Cld. Aerolev Unit 21744 | -4/Factory | Entered Upper Caves 21919 | -4/Upper Caves | A Derelict revealed a hidden shortcut to "reach the base" 21919 | -4/Upper Caves | Identified exit to Warlord 22024 | -4/Upper Caves | Discovered new exit (range 2) 22025 | -4/Upper Caves | Identified exit to Upper Caves 22065 | -4/Upper Caves | Entered Warlord 22083 | -4/Warlord | Discovered new exit (range 9) 22086 | -4/Warlord | Identified exit to Proximity Caves 22182 | -4/Warlord | Received a Watcher feed algorithm from an ecstatic Tinkerer 22259 | -4/Warlord | Warlord's base attacked by MAIN.C 22264 | -4/Warlord | Met Warlord 22267 | -4/Warlord | Opened Warlord's prototype stash 22271 | -4/Warlord | Found Prototype Hackware 22271 | -4/Warlord | Identified System Mapper 22274 | -4/Warlord | Found Prototype Processor 22274 | -4/Warlord | Identified Spectral Analyzer 22279 | -4/Warlord | Found Prototype Device 22279 | -4/Warlord | Identified Exp. Cloaking Device 22284 | -4/Warlord | Found Prototype Reactor 22313 | -4/Warlord | Found Prototype Piercing Weapon 22313 | -4/Warlord | Identified Vortex Lance 22316 | -4/Warlord | Found Prototype Launcher 22316 | -4/Warlord | Identified Vortex Catalyst Activator 22324 | -4/Warlord | Found Vortex Lance 22441 | -4/Warlord | Destroyed 7 combat bots 22593 | -4/Warlord | Spotted Striker 22594 | -4/Warlord | Warlord forces counterattacked 22612 | -4/Warlord | Spotted Striker 22613 | -4/Warlord | Build established: Trapper-Scout 22639 | -4/Warlord | Spotted Striker 22654 | -4/Warlord | Lost 3 allies 22688 | -4/Warlord | Spotted Executioner 22735 | -4/Warlord | Entered Proximity Caves 22738 | -3/Proximity Caves | Destroyed 18 combat bots 22890 | -3/Proximity Caves | Discovered exit to Research (range 4) 22928 | -3/Proximity Caves | Entered Research 22928 | -3/Research | Evolved 2 slots: Power x1, Propulsion x1 22929 | -3/Research | Loaded intel: 24 terminal locations 22945 | -3/Research | Discovered new exit (range 5) 22948 | -3/Research | Identified exit to Testing 23032 | -3/Research | Identified exit to Armory 23071 | -3/Research | Identified Vortex Chain Reactor 23128 | -3/Research | Revision forces began assault on 0b10 23156 | -3/Research | Met up with Revision 17++ 23474 | -3/Research | Discovered new exit (range 23) 23605 | -3/Research | Local machine network offline 23628 | -3/Research | Research terminal network offline 23634 | -3/Research | Entered Testing 23656 | -3/Testing | Found Prototype Device 23656 | -3/Testing | Identified AEGIS Remote Shield 23665 | -3/Testing | Identified exit to Research 23693 | -3/Testing | Spotted PH-062RKR3PDZ 23757 | -3/Testing | Spotted Striker 23776 | -3/Testing | Found Prototype Device 23776 | -3/Testing | Identified Exp. ECM Suite 23833 | -3/Testing | Repaired Smartbomb Launcher? 23884 | -3/Testing | Search patrols dispatched 23900 | -3/Testing | Repaired Centrium Medium Armor Plating 23940 | -3/Testing | Build established: Hacker-Scout 24068 | -3/Testing | Found Portable AFG 24115 | -3/Testing | Protovariant out of control (PP-APAT9DL3KA) 24115 | -3/Testing | Unleashed a protovariant (PP-APAT9DL3KA) 24121 | -3/Testing | Found Prototype Device 24121 | -3/Testing | Identified Adv. Kinecellerator 24259 | -3/Testing | Spotted PP-APAT9DL3KA 24473 | -3/Testing | Spotted Striker 24494 | -3/Testing | Spotted Alpha 7 24564 | -3/Testing | Destroyed Alpha 7 24609 | -3/Testing | Rewired Striker 24624 | -3/Testing | Stole the SGEMP Prototype 24680 | -3/Testing | System corruption reached 10% 24809 | -3/Testing | Entered Research 24809 | -2/Research | Warlord forces began assault on 0b10 24809 | -2/Research | Evolved 2 slots: Propulsion x1, Utility x1 24919 | -2/Research | Research machine network offline 24943 | -2/Research | Spotted B-90 Cyclops 25042 | -2/Research | Destroyed B-90 Cyclops 25332 | -2/Research | Found Prototype Device 25332 | -2/Research | Identified Exp. Shock Absorption System 25360 | -2/Research | Spotted Striker 25360 | -2/Research | Spotted Striker 25362 | -2/Research | Destroyed Striker 25373 | -2/Research | Build established: Sprinter 25413 | -2/Research | Borebot progress halted 25443 | -2/Research | Met up with Warlord 25444 | -2/Research | Spotted Striker 25478 | -2/Research | Discovered new exit (range 18) 25515 | -2/Research | Spotted Executioner 25549 | -2/Research | Spotted Executioner 25556 | -2/Research | Destroyed Executioner 25566 | -2/Research | Destroyed Executioner 25579 | -2/Research | Identified exit to Access 25643 | -2/Research | Discovered new exit (range 13) 25659 | -2/Research | Spotted B-90 Cyclops 25661 | -2/Research | Spotted Striker 25661 | -2/Research | Spotted Striker 25661 | -2/Research | Spotted Striker 25661 | -2/Research | Spotted Executioner 25671 | -2/Research | Discovered exit to Access (range 24) 25676 | -2/Research | Warped through subspace 25678 | -2/Research | Found Prototype Processor 25678 | -2/Research | Identified Exp. Targeting Computer 25700 | -2/Research | Lost 4 allies 25765 | -2/Research | Discovered new exit (range 6) 25766 | -2/Research | Identified exit to Quarantine 25766 | -2/Research | Entered Quarantine 25774 | -2/Quarantine | Found Alien Artifact 25774 | -2/Quarantine | Identified Phase Armor 25820 | -2/Quarantine | Found Alien Artifact 25820 | -2/Quarantine | Identified Core Reset Matrix 25820 | -2/Quarantine | Used Core Reset Matrix 25824 | -2/Quarantine | Detected hypermatrix surge 25824 | -2/Quarantine | Sensed 10 artifacts in vicinity 25874 | -2/Quarantine | Found Transdimensional Reconstructor 25876 | -2/Quarantine | Found Hpw. Transdimensional Reconstructor 25877 | -2/Quarantine | Found Hpw. Transdimensional Reconstructor 25877 | -2/Quarantine | Warped through subspace 25887 | -2/Quarantine | Lost 7 allies 25905 | -2/Quarantine | Discovered exit to Access (range 5) 25965 | -2/Quarantine | Found Transdimensional Reconstructor 26053 | -2/Quarantine | Build established: Hacker-Ninja 26074 | -2/Quarantine | Spotted Alpha 7 26126 | -2/Quarantine | Met incapacitated Sigix Warrior 26126 | -2/Quarantine | Lockdown squad dispatched 26127 | -2/Quarantine | Acquired the access code to the Sigix quarantine chamber 26127 | -2/Quarantine | Unlocked Sigix quarantine chamber 26129 | -2/Quarantine | Found Sigix Containment Pod 26243 | -2/Quarantine | Found Sigix Terminator 26245 | -2/Quarantine | Warped through subspace 26245 | -2/Quarantine | Spotted Lightning 26245 | -2/Quarantine | Spotted Lightning 26245 | -2/Quarantine | Spotted Lightning 26246 | -2/Quarantine | Warped through subspace 26293 | -2/Quarantine | First assault squad dispatched 26322 | -2/Quarantine | Found Dimensional Node Initializer 26330 | -2/Quarantine | Entered Access 26330 | -1/Access | Evolved 2 slots: Propulsion x1, Utility x1 26766 | -1/Access | Spotted B-99 Colossus 26775 | -1/Access | Warped through subspace 26823 | -1/Access | Lost 3 parts (3u) 26849 | -1/Access | Identified exit to Command 26860 | -1/Access | Spotted B-99 Colossus 26963 | -1/Access | Lost 4 parts (1p1n1u1w) 27076 | -1/Access | Spotted B-99 Colossus 27076 | -1/Access | Spotted B-99 Colossus 27080 | -1/Access | Fired Sigix Terminator 27080 | -1/Access | Destroyed B-99 Colossus 27080 | -1/Access | Destroyed B-99 Colossus 27082 | -1/Access | Released all parts (14) 27090 | -1/Access | Discovered new exit (range 16) 27097 | *** | Destroyed 0b10! Last Messages --------------- 27082_ Released Adv. Sensor Array. 27082_ Released System Shield. 27082_ Released Cld. Linear Gravjet. 27082_ Released Adv. Transmission Jammer. 27082_ Released Cmb. Antigrav System. 27082_ Released Cld. Aerolev Unit. 27082_ Released Exp. Signal Interpreter. 27082_ Released Spectral Analyzer. 27082_ Released Lrg. Storage Unit. 27082_ Released Imp. System Guard. 27082_ Released Imp. Gyrokinetic Inverter. 27082_ Released Gyrokinetic Inverter. 27082_ Released Adv. Hacking Suite. 27082_ Released Hacking Suite. 27082_ Dropped Smartbomb Launcher. 27083_ Acquired Sigix Containment Pod. 27090_ EXIT=FOUND 27095_ U-05 Engineer lays Concrete. [Achievement: Payload Armed] [Achievement: Overachiever] Map ----- +----------------------------------------------------+ | ?????????????????????????????????????????????????? | | ?????????????????????????????????????????????????? | | ?????????????????????????????????????????????????? | | ?????????????????????????????????????????????????? | | ?????????????????????????????????????????????????? | | ?????????????????????????????????????????????????? | | ?????????????????????????????????????????????????? | | ?????????????????????????????????????????????????? | | ?????????????????????????????????????????????????? | | ?### " ??????????????? #???????????????????????? | | # " " ?????????? ;###????????????????????? | | " " " ????? ####?????????????????? | | " " " # #?????????????????? | | " " " ###???????????????? | | """""""""" #???????????????? | | " ##??????????????? | | " #??????????????? | | " #??????????????? | | [ " #??????????????? | | [! " ;;; #???????????????? | | =*!! """;;;;;;;;;;;;;;;;;; ;###### ??????????? | | [ " ?????????? | | " ?????????? | | """""""""" #????????? | | #????????? | | "@ #????????? | | "" #????????? | | #????????? | | """""""""" w ?????????? | | ! " u "" ?????????? | | " " """T"""???????????? | | " """;;;;;;;;;;;;;;;;;; #####?????????????? | | " " ;;;#????????????????? | | " """";;;;;;;;;;;;;;; #???????????????? | | " "" ; #???????????????? | | " "" ;;;;;;#???????????????? | | " "" ; ]???????????????? | | " "" ; ! ??????????????? | | #"""""""""" ; ????????????????? | | # " ; ??????????????????? | | ## " ; ????????????????????? | | ?### " ???????????????????????? | | ????### " ?????????????????????????? | | ???????## """"""?????????????????????????????????? | | ?????????###"""??????????????????????????????????? | | ????????????? ??????????????????????????????????? | | ?????????????????????????????????????????????????? | | ?????????????????????????????????????????????????? | | ?????????????????????????????????????????????????? | | ?????????????????????????????????????????????????? | +----------------------------------------------------+ Best States ------------- Heat Dissipation 72 Coolant Potential 120 Energy Generation 75 Energy Capacity 700 Matter Stores 300 Matter Capacity 800 Sight Range 24 Robot Scan Range 16 Terrain Scan Range 16 Terrain Scan Density 10 ECM Strength 3 Jamming Range 16 Cloak Strength 4 Power Amplification 40 Additional Mass Support 12 Corruption Containment 12 Armor Coverage 450 Propulsion Shielding 66 Melee Speed Boost 20 Evasion (%) 69 Melee Accuracy 8 Recoil Reduction 5 Kinecelleration 40 Offensive Hacking 26 Defensive Hacking 14 Trap Extractor Capacity 8 Item Schematics ----------------- Cld. Linear Gravjet | -2/Quarantine | Archive Ragnarok Missile Launcher | -2/Quarantine | Archive Exp. Field Recycling Unit | -2/Quarantine | Archive Adv. Matter Compressor | -2/Quarantine | Archive Prc. Phase Gun | -2/Quarantine | Archive Exp. Biometal Medium Treads | -2/Quarantine | Archive Spectral Analyzer | -2/Quarantine | Archive Robot Schematics ------------------ T-07 Excavator | -2/Quarantine | Archive K-01 Serf | -2/Quarantine | Archive Fabricated ------------ Imp. Trap Extractor | x2 | -7/Factory Lgt. Regenerative Plating | x1 | -6/Factory Gyrokinetic Inverter | x2 | -6/Factory | Preloaded Lgt. Regenerative Plating | x1 | -4/Factory Alien Tech Used ----------------- Integrated Dissipator Transdimensional Reconstructor Phase Armor Core Reset Matrix High-powered Transdimensional Reconstructor Sigix Terminator Achievements -------------- Giant Slayer Guerrilla Style Hehehe Main Advantage More Power To You Overachiever Payload Armed Prison Break Project G-00 Rampage Revising The Future Revolutionary Research Challenges ------------ None Game ------ Seed ScatterMicrowarpExtractor Manual? 0 Play Time 10:06:28 Cumulative 68.3 hours Start 2024.12.29 @ 21:42:01 End 2024.12.31 @ 17:27:07 Sessions 7 Manual Loads 0 Difficulty Rogue Special Mode None Game No. 10 Rogue 10 Adventurer 0 Explorer 0 Win Type 3 Total 4 Types 2/0/1/1/0/0/0/0/0 Lore% 39 Gallery% 43 Achievement% 51 Wizard Run 0 Options --------- Layout 1 ASCII 0 Keyboard 0 Movement Mouse Keybinds 0 Fullscreen 1 Font 24/Smallcaps Map View 50x35 Zoom Use 0% Tactical HUD 1 Map Filters NONE Filters NONE Steam 1 RUN: 7e7e9a1f-28bd-4ba7-990b-cefa8d013c45